 Dungeon Crawl Stone Soup version 0.22.1-6-g1668fe2c40 (webtiles) character file.

1208145 Oravi the Archmage (level 27, -10/218 HPs)
             Began as a Formicid Arcane Marksman on Jan 15, 2019.
             Was the Champion of Okawaru.
             Killed from afar by Lom Lobon (44 damage)
             ... with a great icy blast
             ... in Pandemonium on Jan 21, 2019.
             The game lasted 1 day 05:54:18 (181173 turns).

Oravi the Archmage (Formicid Arcane Marksman) Turns: 181173, Time: 1 , 05:54:26

Health: -10/218    AC: 36    Str: 27 (30) XL:     27
Magic:  1/63       EV: 23    Int: 32      God:    Okawaru [******]
Gold:   8064       SH: 30    Dex: 15      Spells: 1/80 levels left

rFire    . . .     SeeInvis +   b - +3 sling "Punk" {acid, rCorr}
rCold    + + +     Gourm    .   N - +5 large shield {AC+3}
rNeg     . . .     Faith    .   J - quicksilver dragon scales
rPois    +         Spirit   .   (helmet unavailable)
rElec    +         Reflect  .   W - +2 cloak {+Inv}
rCorr    +         Harm     .   A - +2 pair of gloves {Str+3}
MR       +++++                  Q - +1 pair of boots of Icui {+Fly rPois Str+5 Dex-3}
Stlth    ++++......             e - amulet "Husireun" {Acrobat MR++ Int+4 Dex+3 SInv}
HPRegen  0.46/turn              l - ring "Mavi Gas" {rElec rC++ AC+4 Str+3}
MPRegen  0.38/turn              S - ring "Bugeec" {rPois MP+9 Int+4 Dex+4}

@: finesse, frozen, portal projectile, flying (expiring), very slow
A: permanent stasis, dig shafts and tunnels, four strong arms, antennae 3, cold
resistance 1, poison resistance, electricity resistance, strong 1, wild magic 1
}: 10/15 runes: serpentine, barnacled, silver, iron, obsidian, icy, bone,
glowing, fiery, dark
a: Dig, Shaft Self, Heroism, Finesse, Renounce Religion, Cancel Portal
Projectile, Evoke Invisibility


You were in Pandemonium.
You worshipped Okawaru.
Okawaru was exalted by your worship.
You were very hungry.

You visited 17 branches of the dungeon, and saw 85 of its levels.
You visited Pandemonium 1 time, and saw 11 of its levels.
You visited 1 bazaar.
You visited 1 ziggurat, and saw 16 of its levels.
You also visited: Sewer.

You collected 12872 gold pieces.
You spent 4808 gold pieces at shops.

Inventory:

Hand Weapons
 a - a +9 executioner's axe of draining
 b - the +3 sling "Punk" (weapon) {acid, rCorr}
   (Okawaru gifted it to you on level 13 of the Dungeon)

   It provides partial protection from all sources of acid and corrosion.
 F - a +9 battleaxe of flaming
 P - the +9 battleaxe of Wasuegh {freeze, rF+}
   (You found it on level 14 of a ziggurat)

   It has been specially enchanted to freeze those struck by it, causing extra
   injury to most foes and up to half again as much damage against particularly
   susceptible opponents.
   It can also slow down cold-blooded creatures.
   It protects you from fire.
 T - a +9 blowgun
 Y - the +8 broad axe "Cimipu" {elec, rPois Stlth+}
   (Okawaru gifted it to you in Pandemonium)

   Occasionally, upon striking a foe, it will discharge some electrical energy
   and cause terrible harm.
   It protects you from poison.
   It makes you more stealthy.
Missiles
 j - 1523 arrows
 r - 8 needles of sleeping
 v - 507 stones
 y - 613 sling bullets (quivered)
 L - 6 needles of confusion
 R - 7 throwing nets
Armour
 c - a +2 pair of boots of flying
 n - the +3 shield of Panentheism {rElec rN++ Str-3 Dex+7}
   (Okawaru gifted it to you in Pandemonium)

   It affects your strength (-3).
   It affects your dexterity (+7).
   It insulates you from electricity.
   It greatly protects you from negative energy.
 s - the +5 ring mail of the Beginning {rElec MP+9 Int+7}
   (You found it on level 1 of the Depths)

   It affects your intelligence (+7).
   It insulates you from electricity.
   It affects your magic capacity (+9).
 A - a +2 pair of gloves of strength (worn)
 B - a +0 pair of boots of running
 J - quicksilver dragon scales (worn)
 N - a +5 large shield of protection (worn)
 Q - the +1 pair of boots of Icui (worn) {+Fly rPois Str+5 Dex-3}
   (You found it on level 1 of the Shoals)

   It affects your strength (+5).
   It affects your dexterity (-3).
   It protects you from poison.
   It lets you fly.
 W - a +2 cloak of invisibility (worn)
Magical Staves
 U - an uncursed staff of energy
Jewellery
 e - the amulet "Husireun" (around neck) {Acrobat MR++ Int+4 Dex+3 SInv}
   (You took it off Azrael on level 12 of the Dungeon)

   [amulet of the acrobat]

   It helps you evade while moving and waiting.
   It affects your intelligence (+4).
   It affects your dexterity (+3).
   It affects your resistance to hostile enchantments.
   It lets you see invisible.
 g - the amulet of Etupaij {Harm *Drain rC+ Str+5}
   (You found it on level 7 of the Iron City of Dis)

   [amulet of harm]

   It increases damage dealt and taken.
   It affects your strength (+5).
   It protects you from cold.
   It causes draining when unequipped.
 l - the ring "Mavi Gas" (left hand) {rElec rC++ AC+4 Str+3}
   (You found it on level 12 of a ziggurat)

   [ring of protection]

   It affects your AC (+4).
   It affects your strength (+3).
   It greatly protects you from cold.
   It insulates you from electricity.
 o - an uncursed ring of magical power
 w - an uncursed amulet of magic regeneration
 z - an uncursed ring of protection from fire
 I - an uncursed ring of wizardry
 S - the ring "Bugeec" (right hand) {rPois MP+9 Int+4 Dex+4}
   (You found it on level 10 of a ziggurat)

   [ring of magical power]

   It affects your intelligence (+4).
   It affects your dexterity (+4).
   It protects you from poison.
   It affects your magic capacity (+9).
 Z - a +5 ring of dexterity
Wands
 u - a wand of clouds (8)
Scrolls
 h - a scroll of enchant weapon
 x - 14 scrolls of fog
 C - 3 scrolls of vulnerability
 E - 5 scrolls of identify
 G - a scroll of amnesia
 M - a scroll of fear
 V - 27 scrolls of remove curse
Potions
 d - 8 potions of agility
 k - 3 potions of invisibility
 m - 8 potions of brilliance
 p - 5 potions of cancellation
 q - a potion of resistance
 t - 26 potions of curing
 D - 4 potions of magic
 H - 2 potions of ambrosia
 K - 2 potions of heal wounds
 O - 2 potions of flight
 X - 6 potions of might
Comestibles
 f - 55 rations


   Skills:
 O Level 27 Fighting
 - Level 22.0 Axes
 - Level 22.0 Slings
 - Level 22.0 Armour
 + Level 17.1 Dodging
 - Level 10.0 Stealth
 - Level 22.0 Shields
 O Level 27 Spellcasting
   Level 2.0 Conjurations
 - Level 22.8 Hexes
 - Level 18.0 Charms
 - Level 5.0 Summonings
 - Level 20.0 Necromancy
 - Level 10.0 Translocations
 - Level 20.0 Transmutations
   Level 2.0 Ice Magic
 - Level 16.3 Earth Magic
 - Level 10.0 Invocations


You had one spell level left.
You knew the following spells:

 Your Spells              Type           Power        Failure   Level  Hunger
a - Borgnjor's Vile Clut  Necr/Erth      ########..   1%          5    None
b - Discord               Hex            ########..   1%          8    None
c - Portal Projectile     Hex/Tloc       ######       1%          3    None
d - Aura of Abjuration    Summ           #######...   4%          5    None
e - Borgnjor's Revivific  Necr           ########..   2%          8    None
f - Infestation           Necr           ########..   2%          8    None
g - Death's Door          Chrm/Necr      ########..   3%          8    None
h - Lesser Beckoning      Tloc           #######...   1%          3    None
j - Apportation           Tloc           ######       1%          1    None
k - Passwall              Tmut/Erth      ########     1%          2    None
l - Sticks to Snakes      Tmut           ########     1%          2    None
m - Invisibility          Hex            ########     1%          6    None
n - Passage of Golubria   Tloc           N/A          1%          4    None
o - Necromutation         Tmut/Necr      ########..   2%          8    None
p - Silence               Hex/Air        ########..   1%          5    None
r - Regeneration          Chrm/Necr      ########..   1%          3    None

Your spell library contained the following spells:

 Spells                   Type           Power        Failure   Level  Hunger
 Animate Skeleton         Necr           N/A          1%          1    None
 Beastly Appendage        Tmut           ######       1%          1    None
 Confusing Touch          Hex            ######       1%          1    None
 Corona                   Hex            #######      1%          1    None
 Flame Tongue             Conj/Fire      #####        1%          1    None
 Freeze                   Ice            ####         1%          1    None
 Infusion                 Chrm           ####         1%          1    None
 Magic Dart               Conj           ####         1%          1    None
 Pain                     Necr           ####         1%          1    None
 Sandblast                Erth           ######       1%          1    None
 Shock                    Conj/Air       ####         1%          1    None
 Sting                    Conj/Pois      ####         1%          1    None
 Summon Butterflies       Summ           #######.     1%          1    None
 Summon Small Mammal      Summ           ####         1%          1    None
 Call Imp                 Summ           #######.     1%          2    None
 Corpse Rot               Necr           N/A          1%          2    None
 Ensorcelled Hibernation  Hex/Ice        ######       1%          2    None
 Searing Ray              Conj           ######       1%          2    None
 Shroud of Golubria       Chrm/Tloc      ########..   1%          2    None
 Slow                     Hex            ########     1%          2    None
 Song of Slaying          Chrm           ########     1%          2    None
 Sublimation of Blood     Necr           ########..   1%          2    None
 Swiftness                Chrm/Air       #######.     1%          2    None
 Throw Flame              Conj/Fire      ######       1%          2    None
 Throw Frost              Conj/Ice       ######       1%          2    None
 Call Canine Familiar     Summ           #######.     1%          3    None
 Confuse                  Hex            ########     1%          3    None
 Dazzling Spray           Conj/Hex       ######       1%          3    None
 Gell's Gravitas          Tloc           #######...   1%          3    None
 Ignite Poison            Fire/Tmut/Pois #######.     1%          3    None
 Inner Flame              Hex/Fire       ########     1%          3    None
 Ozocubu's Armour         Chrm/Ice       #######.     1%          3    None
 Recall                   Summ/Tloc      N/A          1%          3    None
 Spectral Weapon          Hex/Chrm       ########     1%          3    None
 Spider Form              Tmut/Pois      #######...   1%          3    None
 Stone Arrow              Conj/Erth      ######       1%          3    None
 Summon Guardian Golem    Hex/Summ       ########     1%          3    None
 Tukima's Dance           Hex            ########     1%          3    None
 Vampiric Draining        Necr           ########..   1%          3    None
 Animate Dead             Necr           N/A          1%          4    None
 Cause Fear               Hex            ########..   1%          4    None
 Force Lance              Conj/Tloc      #######.     1%          4    None
 Fulminant Prism          Conj/Hex       ########..   1%          4    None
 Ice Form                 Ice/Tmut       #######.     1%          4    None
 Leda's Liquefaction      Hex/Erth       ########..   1%          4    None
 Petrify                  Tmut/Erth      ########     1%          4    None
 Alistair's Intoxication  Tmut/Pois      #######.     1%          5    None
 Blade Hands              Tmut           ########..   1%          5    None
 Dispel Undead            Necr           ########     1%          5    None
 Excruciating Wounds      Chrm/Necr      ########..   1%          5    None
 Irradiate                Conj/Tmut      #######...   1%          5    None
 Iskenderun's Battlesphe  Conj/Chrm      #######.     1%          5    None
 Lee's Rapid Deconstruct  Erth           ########..   1%          5    None
 Metabolic Englaciation   Hex/Ice        ########..   1%          5    None
 Summon Forest            Summ/Tloc      #######...   1%          5    None
 Summon Mana Viper        Hex/Summ       ########     1%          5    None
 Yara's Violent Unravell  Hex/Tmut       ########..   1%          5    None
 Darkness                 Hex            ########..   1%          6    None
 Death Channel            Necr           ########..   1%          6    None
 Statue Form              Tmut/Erth      ########.    1%          6    None
 Dragon Form              Tmut           ########..   1%          7    None
 Poisonous Vapours        Pois/Air       ######       2%          2    None
 Conjure Flame            Conj/Fire      ######..     2%          3    None
 Static Discharge         Conj/Air       ######..     2%          3    None
 Simulacrum               Ice/Necr       #######...   2%          6    None
 Mephitic Cloud           Conj/Pois/Air  ######..     3%          3    None
 Summon Ice Beast         Ice/Summ       ######..     3%          4    None
 Bolt of Magma            Conj/Fire/Erth #######...   3%          5    None
 Dispersal                Tloc           #######...   3%          6    None
 Iskenderun's Mystic Bla  Conj           ######..     4%          4    None
 Summon Lightning Spire   Summ/Air       ######..     4%          4    None
 Throw Icicle             Conj/Ice       ######..     4%          4    None
 Summon Demon             Summ           #######...   4%          5    None
 Deflect Missiles         Chrm/Air       #######...   4%          6    None
 Iron Shot                Conj/Erth      #######...   4%          6    None
 Haunt                    Necr/Summ      ########..   5%          7    None
 Sticky Flame             Conj/Fire      ######..     7%          4    None
 Airstrike                Air            ######....   10%         4    None
 Olgreb's Toxic Radiance  Pois           ######..     10%         4    None
 Fireball                 Conj/Fire      ######....   17%         5    None
 Lightning Bolt           Conj/Air       ######....   17%         5    None
 Venom Bolt               Conj/Pois      ######....   17%         5    None
 Shadow Creatures         Summ           N/A          19%         6    None
 Ring of Flames           Chrm/Fire      #######...   21%         7    None
 Malign Gateway           Summ/Tloc      #######...   34%         7    None
 Bolt of Cold             Conj/Ice       ######....   50%         6    None
 Ozocubu's Refrigeration  Ice            ######....   50%         6    None
 Freezing Cloud           Conj/Ice/Air   ######....   58%         6    None
 Bolt of Fire             Conj/Fire      ######....   63%         6    None
 Conjure Ball Lightning   Conj/Air       ######....   63%         6    None
 Summon Hydra             Summ           #######...   65%         7    None
 Disjunction              Tloc           #######...   65%         8    None
 Shatter                  Erth           ########..   71%         9    ####...
 Spellforged Servitor     Conj/Summ      ######....   85%         7    None
 Orb of Destruction       Conj           ######....   96%         7    None
 Ignition                 Fire           ######....   100%        8    None
 Dragon's Call            Summ           #######...   100%        9    ####...
 Tornado                  Air            ######....   100%        9    ####...
 Blink                    Tloc           Unusable     N/A         2    N/A
 Controlled Blink         Tloc           Unusable     N/A         8    N/A

Dungeon Overview and Level Annotations

Branches:
Dungeon (15/15)            Temple (1/1) D:4            Lair (6/6) D:8
 Shoals (4/4) Lair:2        Snake (4/4) Lair:3        Slime (5/5) Lair:6
    Orc (2/2) D:10            Elf (3/3) Orc:2        Vaults (5/5) D:14
  Crypt (3/3) Vaults:3       Tomb (0/3) Crypt:3      Depths (5/5) D:15
   Hell (1/1)                 Dis (7/7) Hell            Geh (7/7) Hell
    Coc (7/7) Hell            Tar (7/7) Hell            Zot (5/5) Depths:5

Altars:
Ashenzari
Cheibriados
Dithmenos
Elyvilon
Fedhas
Gozag
Hepliaklqana
Kikubaaqudgha
Makhleb
Nemelex Xobeh
Okawaru
Qazlal
Ru
Sif Muna
Trog
Uskayaw
Vehumet
Wu Jian
Xom
Yredelemnul
Zin
The Shining One
Beogh
Jiyva

Shops:
D:7 [}*[[   Orc:2 [*(:   Snake:1 :   Snake:2 }**:   Snake:3 %*}=   Vaults:2 *
Vaults:3 :([!*   Depths:2 ==}

Portals:
Hell: Lair:6 Depths:1 Depths:2 Depths:3 Depths:4 Depths:5
Abyss: Depths:1 Depths:4 Depths:5
Pandemonium: Depths:3 Depths:5

Annotations:
Slime:5 Royal Jelly
Vaults:4 3 runed doors, Jydugg's ghost, adept DrFi
Depths:1 1 runed door
Pan Lom Lobon


Innate Abilities, Weirdness & Mutations

You cannot be hasted, slowed, berserked, paralysed or teleported.
You can dig through walls and to a lower floor.
Your four strong arms can wield two-handed weapons with a shield.
You have a pair of large antennae on your head. (SInv)
Your flesh is cold resistant. (rC+)
Your system is resistant to poisons. (rPois)
You are resistant to electric shocks. (rElec)
Your muscles are strong. (Str +2)
Your spells are a little harder to cast, but a little more powerful.


Message History

Save game and exit?
Level annotation: Lom Lobon Welcome back, Oravi the Formicid Arcane Marksman.
Okawaru says: Bring me glory in combat!
Press ? for a list of commands and other information.
Search for what [? for help]? relec Put on which piece of jewellery? (? for menu, Esc to quit)
Okay, then.
Put on which piece of jewellery? (? for menu, Esc to quit)
l - the ring "Mavi Gas" (left hand) {rElec rC++ AC+4 Str+3} You are engulfed in raging winds.
* * * LOW HITPOINT WARNING * * *
You feel yourself come back to life.
You feel like a meek peon again.
You are feeling very hungry.
* * * LOW HITPOINT WARNING * * *
The winds around Lom Lobon start to calm down.
Lom Lobon gestures at you.
Lom Lobon conjures a mighty blast of ice!
The great icy blast engulfs you! You partially resist.
You die...

*≈≈≈#≈≈≈≈#§8#§§§§§####....#.....
*≈≈*#≈≈###§§§§§§§§§§.###..##....
*≈≈*≈≈##§§§§§§§§§§§§...##..#....
*≈≈*≈##.§§§§§§§§§§§§...,##......
*≈≈**#..§§§§§§§§§§§§...,,#.#....
**≈≈*#..§§§§§&§§§§§§...,,###....
*≈≈*#..§§§§§§§§§§§§...,,##.....
*≈≈≈#..§§§§§§§§§§§§...,,#≈.....
**≈≈##.§§§§§§§@§§§§...,*#≈≈....
*≈≈≈##§§§§§§§§§§§§...*#≈≈≈≈...
**≈≈≈###§§§§§§§§§§.##*≈≈≈≈≈≈..
*≈≈≈≈≈####......###≈≈≈≈≈≈≈≈≈≈
**≈≈≈≈≈≈≈########≈≈≈≈≈≈≈≈≈≈≈≈
***≈≈≈≈≈≈≈{≈≈≈≈****≈≈≈≈≈≈≈≈≈
****≈≈≈≈≈≈≈≈≈≈≈≈***#######
*****≈≈≈≈≈≈≈≈≈≈≈≈***≈≈≈
******≈≈≈≈≈≈≈≈≈≈≈≈.


You could see Lom Lobon.

Vanquished Creatures
  Cerebov (Pan)
  Antaeus (Coc:7)
  Asmodeus (Geh:7)
  Ereshkigal (Tar:7)
  Gloorx Vloq (Pan)
  Mnoleg (Pan)
  the Serpent of Hell (Dis:7)
  12 ancient liches
  6 orbs of fire
  5 pandemonium lords (Pan)
  4 juggernauts
  Sojobo (Crypt:1)
  3 greater mummies
  Boris (twice) (Depths:4 Crypt:2)
  Bai Suzhen (Crypt:2)
  25 shard shrikes
  Vashnia (Snake:3)
  A curse toe (Zot:2)
  Saint Roka (Elf:2)
  Geryon (Hell)
  3 Killer Klowns (Zot:5)
  2 caustic shrikes (Zig:11)
  Jory (Depths:4)
  11 golden dragons
  18 bone dragons
  18 Brimstone Fiends
  7 doom hounds
  2 electric golems (Zot:5)
  32 Tzitzimimeh
  10 iron giants
  14 Ice Fiends
  7 Hell Sentinels
  22 tentacled monstrosities
  Asterion (Snake:3)
  24 Orb Guardians (Zot:5)
  2 deep elf master archers (Elf:3)
  7 liches
  Murray (Hell)
  3 titans
  8 death cobs
  8 quicksilver dragons
  2 deep elf blademasters (Elf:3)
  3 eldritch tentacles
  16 Executioners
  30 acid blobs
  11 sphinxes
  Kirke (Shoals:3)
  Polyphemus (Shoals:3)
  Agnes (Snake:2)
  19 ancient champions
  12 nagarajas
  21 shadow dragons
  15 storm dragons
  7 tengu reavers
  12 draconian monks
  17 azure jellies
  2 revenants
  14 vault wardens
  31 frost giants
  6 black suns (Pan)
  17 cacodemons
  14 fire giants
  5 iron dragons
  5 deep elf sorcerers
  2 ghost moths
  6 draconian knights
  5 curse skulls
  An emperor scorpion (Zig:14)
  2 draconian scorchers
  A frost giant (shapeshifter) (Vaults:5)
  8 deep elf elementalists
  A juggernaut zombie (Depths:1)
  2 angels (Pan)
  2 draconian shifters
  3 orc warlords
  An emperor scorpion (shapeshifter) (Pan)
  7 draconian stormcallers
  2 warmongers (Pan)
  20 ironheart preservers
  7 draconian annihilators
  33 balrugs
  21 very ugly things
  12 ghouls
  22 war gargoyles
  79 reapers
  5 vampire knights
  2 bennus (Zig:12)
  29 stone giants
  A corrupter (Zig:16)
  The ghost of Lippabiu the Blocker, a journeyman DDFi of Makhleb (Snake:3)
  11 lorocyprocas
  9 green draconians
  4 blood saints (Pan)
  The ghost of Adamkad1 the Fighter, a journeyman OgTm of Okawaru (D:13)
  A dire elephant (Lair:6)
  5 white draconians
  Azrael (D:12)
  8 deep elf demonologists
  6 red draconians
  6 yellow draconians
  8 purple draconians
  9 black draconians
  10 deep elf annihilators
  4 eidola
  7 death oozes
  22 ettins
  12 green deaths
  5 merfolk javelineers (Shoals:4)
  15 blizzard demons
  5 mummy priests
  11 fire dragons
  A deep elf high priest (Elf:3)
  13 deep elf death magi
  5 quicksilver dragon skeletons
  12 jiangshi
  9 quicksilver dragon zombies
  7 merfolk impalers
  21 yaktaur captains
  2 crystal guardians
  4 kraken zombies
  8 naga warriors
  11 great orbs of eyes
  6 hydras
  12 rakshasas
  3 hell beasts
  8 anacondas
  19 ice dragons
  A spriggan air mage (Depths:5)
  11 centaur warriors
  A ghost crab (Tar:5)
  A swamp dragon (Zig:14)
  5 merfolk aquamancers
  3 monstrous demonspawn (Pan)
  2 merfolk avatars (Shoals:3)
  27 vault guards
  4 death knights
  26 dancing weapons
  13 ogre magi
  A queen ant (shapeshifter) (Depths:3)
  32 two-headed ogres
  A catoblepas (Shoals:3)
  A death scarab (Zig:9)
  A fire crab (Geh:4)
  5 satyrs
  2 alligator snapping turtles
  7 death yaks
  15 deep troll shamans
  10 hell hogs
  7 shock serpents
  15 deep troll earth magi
  10 spriggan berserkers
  2 thrashing horrors
  4 tengu warriors
  12 vampire magi
  3 orc high priests
  14 naga sharpshooters
  2 salamander mystics
  64 soul eaters
  6 titan zombies
  21 hell knights
  9 storm dragon zombies
  10 titan skeletons
  50 sun demons
  22 deep elf knights
  6 golden dragon zombies
  27 shadow wraiths
  149 skeletal warriors
  A sea snake (shapeshifter) (Depths:2)
  14 anaconda zombies
  6 ghost moth zombies
  11 storm dragon skeletons
  9 iron golems
  26 sixfirhies
  7 unseen horrors
  18 iron trolls
  11 glowing orange brains
  2 infernal demonspawn (Pan)
  Pikel (D:3)
  5 gelid demonspawn (Pan)
  A torturous demonspawn (Pan)
  15 flayed ghosts
  8 sea snakes
  A kraken simulacrum (Shoals:4)
  7 wizards
  A death drake (Tar:7)
  46 deep trolls
  A sphinx zombie (Crypt:1)
  An orange crystal statue (Zot:5)
  3 golden dragon skeletons
  7 shadow dragon zombies
  5 wolf spider zombies
  7 naga ritualists
  26 phantasmal warriors
  21 deep elf archers
  12 shadow demons
  18 ironbrand convokers
  7 anaconda skeletons
  A harpy (shapeshifter) (Vaults:1)
  18 necromancers
  16 orc knights
  An iron giant skeleton (Crypt:1)
  7 mana vipers
  10 orc sorcerers
  A mana viper (shapeshifter) (Vaults:3)
  22 harpies
  7 stone giant zombies
  8 iron dragon zombies
  A wolf spider (shapeshifter) (Vaults:4)
  78 deep elf magi
  3 oklob plants (Zig:10)
  8 wolf spiders
  3 iron dragon skeletons
  11 fauns
  15 manticores
  9 shining eyes
  9 shadow dragon skeletons
  7 fire giant zombies
  38 ugly things
  23 moths of wrath
  A worldbinder (Zig:16)
  10 frost giant zombies
  11 elephants
  5 guardian serpents
  12 salamanders
  9 cyclopes
  A guardian serpent (shapeshifter) (Depths:5)
  5 stone giant skeletons
  3 ice statues (Coc:7)
  48 rust devils
  40 black mambas
  8 merfolk sirens
  2 shock serpent zombies
  6 dire elephant zombies
  6 water nymphs
  10 frost giant skeletons
  23 naga magi
  20 vault sentinels
  4 molten gargoyles
  14 fire giant skeletons
  2 titan simulacra
  A torpor snail (shapeshifter) (Vaults:5)
  5 eyes of devastation
  35 smoke demons
  A storm dragon simulacrum (Hell)
  23 orange demons
  3 centaur skeletons
  5 dire elephant skeletons
  9 gargoyles
  A pale draconian zombie (Crypt:2)
  A minotaur zombie (Dis:6)
  30 large abominations
  2 rime drakes (Lair:6)
  An emperor scorpion zombie (Tar:7)
  3 shock serpent skeletons
  An iron troll zombie (Crypt:2)
  9 komodo dragons
  10 spiny frogs
  3 catoblepas zombies
  3 kobold demonologists (D:14)
  24 hellions
  13 demonic crawlers (Pan)
  A redback zombie (D:13)
  41 yaktaurs
  48 freezing wraiths
  6 hellwings (Pan)
  6 guardian mummies
  51 tormentors
  2 anaconda simulacra
  21 efreet
  A silent spectre (Tar:7)
  A ghost moth simulacrum (Coc:1)
  6 harpy zombies
  59 ice devils
  3 meliai (D:15)
  A troll (shapeshifter) (Vaults:1)
  A wind drake (shapeshifter) (Depths:2)
  10 trolls
  2 meliai (shapeshifter)
  33 merfolk
  A catoblepas skeleton (Coc:3)
  A minotaur skeleton (Crypt:2)
  43 red devils
  16 hydra zombies
  A polar bear (Lair:6)
  An ancient zyme (Zig:16)
  5 tengu conjurers
  6 wind drakes
  A hornet (Depths:5)
  2 polar bears (shapeshifter)
  2 shadow dragon simulacra
  9 hydra skeletons
  2 spectral guardian serpents (Crypt:3)
  16 ettin zombies
  12 fire dragon zombies
  Prince Ribbit (D:7)
  128 slime creatures
  A harpy skeleton (Geh:7)
  20 hippogriffs
  A raiju (Zig:16)
  7 ice dragon zombies
  A blink frog (shapeshifter) (Depths:5)
  A death drake skeleton (Crypt:2)
  2 frost giant simulacra
  5 alligator zombies
  2 bog bodies (Crypt:1)
  6 dream sheep (Lair:5)
  2 human simulacra
  2 fire giant simulacra
  2 hippogriffs (shapeshifter)
  A redback (shapeshifter) (Vaults:5)
  5 snapping turtles (Shoals:4)
  2 ice dragon skeletons
  113 flying skulls
  A dire elephant simulacrum (Coc:7)
  6 fire dragon skeletons
  An air elemental (Elf:1)
  A black mamba zombie (Dis:2)
  A shock serpent simulacrum (Coc:7)
  2 yaks (shapeshifter)
  An ushabti (Zig:12)
  6 alligator skeletons
  30 wraiths
  9 yaks
  A deep troll skeleton (Depths:1)
  A spriggan (Depths:5)
  A human (shapeshifter) (Depths:4)
  26 water elementals
  A spriggan skeleton (Depths:1)
  3 vampires (D:14)
  4 wyverns
  32 shadows
  17 fire elementals
  3 basilisks
  27 ynoxinuls (Pan)
  9 ettin skeletons
  5 hogs
  A black mamba skeleton (Crypt:2)
  A fire bat (Geh:2)
  15 golden eyes
  2 humans
  7 hungry ghosts
  19 chaos spawn (Pan)
  11 neqoxecs
  62 nagas
  7 wargs
  11 vampire mosquitoes
  3 deep troll zombies
  2 gelid demonspawn zombies
  4 acid dragons
  A merfolk zombie (Dis:5)
  An infernal demonspawn zombie (Crypt:1)
  A soldier ant (D:10)
  62 hell hounds
  2 hydra simulacra
  2 floating eyes (shapeshifter)
  13 water moccasins
  A porcupine (D:7)
  5 floating eyes
  7 spiny frog zombies
  6 eyes of draining
  4 slaves
  9 spiny frog skeletons
  54 orc warriors
  A meliai simulacrum (D:13)
  19 ice beasts
  11 phantoms
  7 sky beasts
  3 black bears
  31 necrophages
  2 starcursed masses (Zig:16)
  A fire dragon simulacrum (Hell)
  2 manticore zombies
  42 ogres
  An ogre (shapeshifter) (D:13)
  A deep troll simulacrum (Depths:1)
  An eye of draining (shapeshifter) (Vaults:3)
  4 swamp dragon zombies
  A tengu (shapeshifter) (Depths:3)
  9 wolves
  3 boggarts (Vaults:3)
  7 snapping turtle zombies
  2 swamp dragon skeletons
  A rime drake zombie (Crypt:2)
  An elf skeleton (Vaults:4)
  6 crocodiles
  29 centaurs
  2 manticore skeletons
  4 big kobolds
  3 elf zombies (Elf:1)
  7 snapping turtle skeletons
  7 earth elementals
  2 rime drake skeletons
  A wyvern zombie (D:14)
  20 bullfrogs
  2 spiny frog simulacra
  A gnoll sergeant (D:9)
  A wyvern skeleton (Crypt:3)
  3 scorpions
  21 killer bees
  A polar bear skeleton (Crypt:3)
  An orc simulacrum (Vaults:1)
  A raiju skeleton (Crypt:2)
  81 wights
  6 howler monkeys
  A wolf zombie (Crypt:1)
  7 electric eels
  21 crimson imps
  4 hounds
  3 quasits
  3 centaur zombies
  A hound (shapeshifter) (D:10)
  9 human zombies
  2 jellies
  24 orc priests
  33 iron imps
  7 human skeletons
  2 bullfrog skeletons
  5 iguanas
  A lightning spire (Zig:15)
  25 orc wizards
  3 hell rats
  A troll simulacrum (Tar:4)
  13 worker ants
  2 naga zombies
  A demigod zombie (Crypt:2)
  2 naga skeletons
  An ogre skeleton (Pan)
  2 tengu skeletons
  18 mummies
  A worker ant zombie (D:10)
  5 gnolls
  12 adders
  2 river rats
  A scorpion zombie (Crypt:1)
  20 shadow imps
  29 white imps
  3 oozes
  An adder skeleton (D:4)
  4 worms
  5 leopard geckos
  105 orcs
  8 giant cockroaches
  A gnoll zombie (Crypt:1)
  11 goblins
  4 hobgoblins
  16 jackals
  4 quokkas
  A ball python (shapeshifter) (Depths:4)
  4 ball pythons
  8 bats
  A frilled lizard (D:5)
  30 kobolds
  A kobold skeleton (Geh:2)
  3 kobold zombies
  An orc skeleton (Crypt:2)
  An orc zombie (Dis:3)
  10 rats
  2 fungi
  7 plants
  5 tentacles (Coc:4)
4788 creatures vanquished.

Vanquished Creatures (collateral kills)
  Dispater (Dis:7)
  An ancient lich (Tar:5)
  3 juggernauts
  4 shard shrikes
  2 greater mummies
  A caustic shrike (Zig:11)
  8 bone dragons
  14 Tzitzimimeh
  4 iron giants
  2 doom hounds
  6 Hell Sentinels
  12 Ice Fiends
  An Orb Guardian (Zot:5)
  3 tentacled monstrosities
  4 Brimstone Fiends
  An Executioner (Pan)
  3 eldritch tentacles
  3 death cobs
  2 tentacled starspawn
  5 ancient champions
  5 draconian monks
  7 shadow dragons
  2 storm dragons (Zot:4)
  A nagaraja (Zig:14)
  3 fire giants
  An orc warlord (Zig:10)
  A draconian knight (Zot:2)
  6 frost giants
  A ghost moth (Zig:14)
  An iron dragon (Dis:7)
  8 balrugs
  4 cacodemons
  A vault warden (Vaults:3)
  A draconian scorcher (Zot:4)
  An ironheart preserver (Vaults:2)
  2 draconian shifters
  A draconian stormcaller (Zot:2)
  23 reapers
  3 draconian annihilators
  5 stone giants
  2 war gargoyles (Dis:7)
  3 elemental wellsprings (Coc:7)
  A corrupter (Pan)
  A black sun (Pan)
  4 black draconians
  5 green draconians
  2 red draconians
  5 white draconians
  8 yellow draconians
  5 purple draconians
  3 blizzard demons
  4 quicksilver dragon zombies
  A merfolk javelineer (Zig:14)
  A green death (Zig:6)
  3 mummy priests
  A death ooze (Slime:5)
  A yaktaur captain (Depths:5)
  2 ettins
  2 jiangshi (Tar:7)
  13 vault guards
  A crystal guardian (Zig:8)
  4 ice dragons
  A hell beast (Geh:6)
  A starcursed mass (Zig:16)
  A rakshasa (Zig:16)
  An alligator snapping turtle (Zig:14)
  2 quicksilver dragon skeletons
  A ghost crab (Tar:5)
  12 two-headed ogres
  A death knight (Vaults:3)
  2 alligators (Zig:14)
  2 death scarabs
  2 titan zombies (Geh:6)
  7 hell hogs
  A thrashing horror (Zig:6)
  8 orc high priests
  A deep elf knight (Vaults:2)
  19 sun demons
  2 wretched stars (Zig:16)
  8 iron golems
  A storm dragon zombie (Tar:6)
  27 hell knights
  10 soul eaters
  A sixfirhy (Pan)
  2 titan skeletons
  5 iron trolls
  An unseen horror (Zig:16)
  3 death drakes
  5 golden dragon zombies
  5 shadow wraiths (Tar:7)
  4 torturous demonspawn (Pan)
  5 anaconda zombies
  56 skeletal warriors
  A quicksilver dragon simulacrum (Coc:5)
  2 glowing orange brains
  2 shadow demons
  A flayed ghost (Dis:1)
  2 infernal demonspawn (Pan)
  2 gelid demonspawn (Pan)
  2 wizards (Pan)
  A tengu skeleton (Zig:12)
  A wolf spider zombie (Tar:1)
  4 orc knights
  A swamp dragon (Zig:14)
  4 phantasmal warriors
  2 anaconda skeletons
  2 golden dragon skeletons
  A naga ritualist (Zig:14)
  3 fire giant zombies
  5 necromancers
  4 orc sorcerers
  An iron dragon zombie (Dis:2)
  A deep elf mage (Vaults:2)
  A worldbinder (Zig:16)
  A shadow dragon skeleton (Tar:1)
  A manticore (D:13)
  3 stone giant zombies
  4 frost giant zombies
  2 cyclopes (Zig:15)
  A fire giant skeleton (Tar:7)
  5 moths of wrath
  2 torpor snails (Zig:11)
  A dire elephant zombie (Geh:7)
  A stone giant skeleton (Geh:7)
  A guardian serpent (Zig:14)
  5 smoke demons
  A gargoyle (Zig:8)
  5 molten gargoyles (Geh:7)
  17 rust devils
  3 frost giant skeletons
  A spiny frog (Zig:14)
  13 hellions
  An emperor scorpion zombie (Coc:7)
  10 orange demons
  A yaktaur (Vaults:5)
  25 ice devils
  6 efreet
  15 freezing wraiths
  2 harpy zombies (Geh:7)
  21 tormentors
  3 ancient zymes (Zig:16)
  11 guardian mummies
  4 hydra zombies
  2 trolls
  18 red devils
  A silent spectre (Tar:3)
  A hellwing (Pan)
  9 large abominations
  2 hydra skeletons
  A hornet (Vaults:5)
  An alligator zombie (Coc:7)
  A fire dragon zombie (Tar:3)
  An ice dragon zombie (Dis:7)
  60 flying skulls
  7 shadows
  A redback (Zig:14)
  5 ynoxinuls
  3 ettin skeletons
  A water elemental (Coc:5)
  10 wraiths
  3 ushabtiu
  An ice dragon skeleton (Coc:7)
  A golden eye (Pan)
  A small abomination (Zig:16)
  9 fire elementals
  An alligator skeleton (Geh:7)
  3 fire bats (Geh:2)
  3 hungry ghosts
  5 neqoxecs
  2 chaos spawn (Pan)
  2 nagas (Zig:14)
  A spiny frog zombie (Coc:7)
  4 wargs
  37 hell hounds
  8 phantoms
  14 ogres
  20 orc warriors
  A spiny frog skeleton (Coc:7)
  9 necrophages
  3 snapping turtle zombies
  2 alligator simulacra
  A swamp dragon skeleton (Tar:1)
  An eye of draining (Pan)
  A manticore skeleton (Tar:1)
  A gnoll sergeant (Zig:15)
  4 earth elementals
  A glowing shapeshifter simulacrum (Zig:16)
  25 wights
  A spriggan skeleton (Geh:7)
  6 crimson imps
  2 orc wizards (Zig:15)
  A human zombie (Tar:3)
  4 orc priests (Zig:15)
  9 iron imps
  A human skeleton (Tar:6)
  A worker ant (D:13)
  12 mummies
  A gnoll (Zig:13)
  5 shadow imps
  8 white imps (Coc:7)
  2 plants (Zig:10)
  A starspawn tentacle (Zig:6)
977 creatures vanquished.

Vanquished Creatures (others)
  A juggernaut (Zig:13)
  A doom hound (Tar:2)
  A tentacled monstrosity (Zot:2)
  4 eldritch tentacles
  An Executioner (Pan)
  2 ancient champions (Dis:4)
  A tengu reaver (Crypt:1)
  A storm dragon (Zot:4)
  A blood saint (Pan)
  A black sun (Pan)
  2 draconian knights
  An emperor scorpion (Zig:14)
  2 balrugs (Pan)
  A draconian stormcaller (Zot:3)
  2 draconian annihilators
  A war gargoyle (Zig:8)
  2 reapers (Pan)
  2 elemental wellsprings
  An ironheart preserver (Vaults:3)
  2 green draconians
  A stone giant (Zot:1)
  An ettin (Zot:1)
  A corrupter (Pan)
  A black draconian (Zot:2)
  A white draconian (Zot:3)
  A merfolk javelineer (Zig:14)
  A mummy priest (Zig:12)
  An ogre mage (Vaults:2)
  A death scarab (Zig:9)
  4 dancing weapons
  A merfolk aquamancer (Zig:14)
  A vampire mage (Tar:7)
  3 orc high priests
  2 sun demons (Pan)
  2 hell knights
  A sixfirhy (Pan)
  A shadow wraith (Tar:7)
  9 skeletal warriors
  A gelid demonspawn (Pan)
  An iron troll (Dis:7)
  3 deep trolls
  A glowing orange brain (Pan)
  An infernal demonspawn (Pan)
  A torturous demonspawn (Pan)
  A necromancer (Crypt:1)
  2 orc knights
  An orc sorcerer (Zig:13)
  A manticore (Zig:14)
  A moth of wrath (Zig:13)
  2 orange demons (Pan)
  5 rust devils
  A torpor snail (Zig:8)
  A smoke demon (Zig:6)
  A demonic crawler (Pan)
  A hellion (Geh:7)
  An ancient zyme (Zig:16)
  A guardian mummy (Zig:9)
  3 red devils (Pan)
  4 tormentors
  3 hellwings (Pan)
  2 trolls (Zig:13)
  2 freezing wraiths
  A wind drake (Zig:14)
  2 wargs
  An ettin skeleton (Geh:7)
  An alligator skeleton (Geh:6)
  A shadow (Crypt:1)
  A water elemental (Coc:7)
  13 flying skulls
  A redback (Zig:14)
  A wraith (Geh:7)
  2 ynoxinuls (Pan)
  3 humans (Shoals:3)
  A hungry ghost (Tar:2)
  3 neqoxecs
  4 chaos spawn (Pan)
  A hell hound (Geh:4)
  3 orc warriors
  A necrophage (Tar:4)
  4 ogres
  A bullfrog (Lair:3)
  A scorpion (shapeshifter) (Depths:2)
  6 wights
  2 orc priests (Zig:10)
  2 iron imps
  A hell rat (Hell)
  8 mummies
  A shadow imp (Tar:7)
  11 ball lightnings (Pan)
  5 blocks of ice (Pan)
  A fire vortex (Geh:4)
  22 plants
  A starspawn tentacle (Zig:6)
  22 tentacles
232 creatures vanquished.

Grand Total: 5997 creatures vanquished

Notes
Turn   | Place    | Note
-------+----------+-------------------------------------------
     0 | D:1      | Oravi the Formicid Arcane Marksman began the quest for the
                  | Orb.
     0 | D:1      | Reached XP level 1. HP: 15/15 MP: 2/2
   533 | D:1      | Reached XP level 2. HP: 21/21 MP: 1/3
   632 | D:1      | Learned a level 2 spell: Slow
  1099 | D:2      | Reached XP level 3. HP: 15/26 MP: 1/5
  1663 | D:2      | Reached skill level 1 in Shields
  1866 | D:2      | Reached XP level 4. HP: 32/32 MP: 6/6
  2728 | D:3      | Found an opulent altar of Gozag.
  2732 | D:3      | Found a transporter.
  2732 | D:3      | Noticed a bullfrog
  2837 | D:3      | Found a glowing drain.
  2869 | D:3      | Reached XP level 5. HP: 15/37 MP: 5/8
  2993 | Sewer    | Entered a sewer
  3239 | Sewer    | Noticed a big kobold
  3279 | Sewer    | Killed a big kobold
  3279 | Sewer    | Reached XP level 6. HP: 27/43 MP: 9/9
  3543 | Sewer    | Found a glowing silver altar of Zin.
  3885 | D:3      | Found a transporter.
  4230 | D:4      | Reached skill level 1 in Armour
  4260 | D:4      | Learned a level 3 spell: Portal Projectile
  4424 | D:4      | Found a staircase to the Ecumenical Temple.
  4432 | D:4      | Noticed a slave
  4434 | Temple   | Entered the Ecumenical Temple
  4458 | Temple   | Became a worshipper of Warmaster Okawaru
  4489 | D:4      | Noticed a slave
  4489 | D:4      | Noticed Pikel
  4498 | Temple   | Reached XP level 7. HP: 38/49 MP: 9/11
  5828 | D:4      | Reached skill level 5 in Slings
  5828 | D:4      | Reached skill level 5 in Hexes
  6747 | D:3      | Killed Pikel
  6747 | D:3      | Reached * piety under Okawaru
  6747 | D:3      | Reached XP level 8. HP: 47/58 MP: 5/14
  6880 | D:5      | Entered Level 5 of the Dungeon
  7753 | D:5      | Reached ** piety under Okawaru
  7759 | D:5      | Reached XP level 9. HP: 53/65 MP: 13/15
  7824 | D:5      | Reached skill level 1 in Invocations
  7962 | D:5      | HP: 3/65 [centaur/arrow (14)]
  8834 | D:6      | Reached skill level 5 in Spellcasting
  9842 | D:7      | Found Loagaazu's Antique Armour Boutique.
  9851 | D:7      | Noticed a hippogriff
  9868 | D:7      | Killed a hippogriff
  9868 | D:7      | Reached *** piety under Okawaru
  9868 | D:7      | Reached skill level 5 in Fighting
 10882 | D:7      | Found Faz Vai's Assorted Antiques.
 10885 | D:7      | Bought 2 scrolls labeled ACEWNI QOROM for 46 gold pieces
 10885 | D:7      | Bought a scroll labeled LIEMNY ARILL for 23 gold pieces
 10950 | D:7      | Noticed Prince Ribbit
 10984 | D:7      | Killed Prince Ribbit
 10984 | D:7      | Reached XP level 10. HP: 64/74 MP: 15/18
 11285 | D:7      | Found Wysoch Goschy's Armour Shop.
 11385 | D:7      | Found an opulent altar of Gozag.
 11413 | D:7      | Found Eruog's Gadget Shop.
 11566 | D:7      | Reached **** piety under Okawaru
 11566 | D:7      | Received a gift from Okawaru
 12066 | D:7      | Found Izarghi's Antique Armour Boutique.
 12082 | D:7      | Bought a pair of glowing boots for 187 gold pieces
 12104 | D:7      | Learned a level 4 spell: Cause Fear
 12898 | D:8      | Received a gift from Okawaru
 12898 | D:8      | Reached skill level 1 in Translocations
 12898 | D:8      | Reached skill level 5 in Invocations
 13114 | D:8      | Found a staircase to the Lair.
 13933 | D:8      | Found a burning altar of Makhleb.
 13933 | D:8      | Noticed a cacodemon
 13956 | D:8      | Noticed an orange demon
 14089 | D:9      | Reached skill level 10 in Slings
 14953 | D:9      | Reached XP level 11. HP: 66/83 MP: 16/20
 15163 | D:9      | Noticed a two-headed ogre
 15673 | D:9      | Killed a two-headed ogre
 15812 | D:9      | Reached ***** piety under Okawaru
 15831 | D:9      | Noticed a green ugly thing
 16194 | D:9      | Killed a green ugly thing
 16551 | D:10     | Entered Level 10 of the Dungeon
 16609 | D:10     | Received a gift from Okawaru
 17589 | D:10     | Found a staircase to the Orcish Mines.
 18399 | D:10     | Found a staircase to the Orcish Mines.
 19492 | D:11     | Reached skill level 5 in Shields
 19831 | D:12     | Noticed an unseen horror
 19889 | D:12     | Killed an unseen horror
 19889 | D:12     | Reached XP level 12. HP: 71/92 MP: 20/22
 19894 | D:12     | Learned a level 3 spell: Confuse
 19898 | D:12     | Learned a level 3 spell: Tukima's Dance
 19901 | D:12     | Learned a level 2 spell: Ensorcelled Hibernation
 19905 | D:12     | Learned a level 3 spell: Dazzling Spray
 20226 | D:12     | Found a shadowy altar of Dithmenos.
 21016 | D:12     | Received a gift from Okawaru
 22163 | D:12     | Noticed a war gargoyle
 22371 | D:12     | Reached skill level 10 in Hexes
 22671 | D:12     | Received a gift from Okawaru
 22819 | D:12     | Killed a war gargoyle
 23101 | D:12     | Received a gift from Okawaru
 23212 | D:12     | Noticed Azrael
 23217 | D:12     | You fall through a shaft!
 23804 | D:13     | Identified the cursed +1 leather armour of Yrphuzaas
                  | {Slay+4 SInv} (You found it on level 13 of the Dungeon)
 24056 | D:13     | Received a gift from Okawaru
 24057 | D:13     | Found the +3 sling "Punk" {acid, rCorr}
 24159 | D:13     | Noticed a flayed ghost
 24161 | D:13     | Noticed a death knight
 24165 | D:13     | Noticed Adamkad1's ghost (journeyman OgTm)
 24557 | Lair:1   | Entered Level 1 of the Lair of Beasts
 24664 | D:8      | Reached XP level 13. HP: 95/101 MP: 23/23
 24754 | Lair:1   | Noticed a seven-headed hydra
 24767 | Lair:1   | Killed a seven-headed hydra
 25235 | Lair:1   | Noticed a seven-headed hydra
 25245 | Lair:1   | Killed a seven-headed hydra
 25324 | Lair:1   | Identified the Tome of Displaced Execration
 25649 | Lair:2   | Found a staircase to the Shoals.
 25656 | Lair:2   | Received a gift from Okawaru
 26042 | Lair:2   | Received a gift from Okawaru
 26100 | Lair:2   | Found a labyrinth entrance.
 26103 | Lair:2   | Learned a level 1 spell: Confusing Touch
 26294 | Lair:2   | Reached skill level 1 in Conjurations
 26444 | Lair:2   | Noticed an eight-headed hydra
 26481 | Lair:2   | Killed an eight-headed hydra
 27230 | Lair:3   | Noticed a seven-headed hydra
 27241 | Lair:3   | Killed a seven-headed hydra
 27429 | Lair:3   | Found a staircase to the Snake Pit.
 27655 | Lair:3   | Reached skill level 1 in Ice Magic
 28048 | Lair:3   | Reached skill level 10 in Invocations
 28696 | Lair:4   | Reached skill level 10 in Fighting
 28898 | Lair:4   | Received a gift from Okawaru
 29107 | Lair:4   | Identified the +2 ring mail of Shielding {Str+3 Slay+2}
                  | (You found it on level 4 of the Lair of Beasts)
 29262 | Lair:5   | Reached XP level 14. HP: 101/110 MP: 19/24
 29288 | Lair:5   | Received a gift from Okawaru
 30064 | Lair:6   | Entered Level 6 of the Lair of Beasts
 30277 | Lair:6   | Found a viscous altar of Jiyva.
 30278 | Lair:6   | Found a staircase to the Slime Pits.
 30386 | Lair:6   | Reached skill level 1 in Stealth
 30471 | Lair:6   | Got a faintly glowing scale mail
 30472 | Lair:6   | Identified the +6 scale mail of Quantum Leap {*Drain Regen+
                  | Int+6 Stlth+} (You found it on level 6 of the Lair of
                  | Beasts)
 30697 | Lair:6   | Noticed a dire elephant
 30729 | Lair:6   | Killed a dire elephant
 31387 | Lair:6   | Reached ****** piety under Okawaru
 31729 | Lair:6   | Received a gift from Okawaru
 31868 | Lair:6   | Found a burning altar of Makhleb.
 31902 | Lair:6   | Found a gateway to Hell.
 32206 | Orc:1    | Entered Level 1 of the Orcish Mines
 32489 | Orc:2    | Entered Level 2 of the Orcish Mines
 32510 | Orc:2    | Noticed an orc warlord
 32543 | Orc:2    | Killed an orc warlord
 32563 | Orc:2    | Reached skill level 5 in Stealth
 33557 | Orc:2    | Reached XP level 15. HP: 119/119 MP: 27/27
 33748 | Orc:2    | Found a staircase to the Elven Halls.
 34043 | Orc:2    | Noticed an orc warlord
 34065 | Orc:2    | Killed an orc warlord
 34102 | Orc:2    | Received a gift from Okawaru
 34106 | Orc:2    | Identified the +10 plate armour of the Leaf {rC+ Str-2
                  | Dex+3} (Okawaru gifted it to you on level 2 of the Orcish
                  | Mines)
 34148 | Orc:2    | Found a roughly hewn altar of Beogh.
 34333 | Orc:2    | Found Joezet's General Store.
 34358 | Orc:2    | Found Tomurghe's Antique Weapon Shoppe.
 34418 | Orc:2    | Found Duvigret's Antique Armour Shoppe.
 34445 | Orc:2    | Found Vieghuul's Book Shoppe.
 35146 | D:12     | Killed Azrael
 35148 | D:12     | Got a brightly glowing ruby amulet
 35469 | D:13     | Reached skill level 10 in Shields
 35554 | D:13     | Found a transporter.
 35568 | D:13     | Found a transporter.
 35757 | D:14     | Identified the amulet "Husireun" {Acrobat MR++ Int+4 Dex+3
                  | SInv} (You took it off Azrael on level 12 of the Dungeon)
 36610 | D:14     | Found a gate to the Vaults.
 36898 | D:15     | Entered Level 15 of the Dungeon
 37534 | D:15     | Received a gift from Okawaru
 38276 | D:15     | Reached XP level 16. HP: 85/127 MP: 29/29
 38759 | D:15     | Received a gift from Okawaru
 39071 | D:15     | Found a staircase to the Depths.
 39305 | D:15     | Received a gift from Okawaru
 39432 | D:15     | Found an ancient bone altar of Kikubaaqudgha.
 39860 | D:14     | Reached skill level 15 in Shields
 40044 | D:14     | Received a gift from Okawaru
 40690 | D:14     | Noticed a frost giant
 40692 | D:14     | Noticed a frost giant
 40693 | D:14     | Noticed a frost giant
 40707 | D:14     | Killed a frost giant
 40715 | D:14     | Killed a frost giant
 40734 | D:14     | Killed a frost giant
 40945 | D:14     | Upgraded the game from 0.22.1-5-g62c59d919a to
                  | 0.22.1-6-g1668fe2c40
 41291 | Lair:1   | Learned a level 1 spell: Apportation
 41364 | Snake:1  | Entered Level 1 of the Snake Pit
 41835 | Snake:1  | Found Qixuren's Book Emporium.
 41849 | Snake:1  | Reached skill level 10 in Spellcasting
 43033 | Snake:2  | Found Aratinn's Gadget Emporium.
 43039 | Snake:2  | Received a gift from Okawaru
 43141 | Snake:2  | Reached XP level 17. HP: 133/135 MP: 31/31
 43221 | Snake:2  | Found Wuneyky's Book Emporium.
 43221 | Snake:2  | Found Vouvud's General Store.
 43251 | Snake:2  | Found Ulotweme's Assorted Antiques.
 44253 | Snake:3  | Noticed Agnes
 44285 | Snake:2  | Killed Agnes
 44561 | Snake:3  | Reached skill level 10 in Stealth
 44953 | Snake:3  | Found Makhlecs's Jewellery Emporium.
 44953 | Snake:3  | Found Xallyich's Food Shoppe.
 44954 | Snake:3  | Found Ejues's General Store.
 44956 | Snake:3  | Found Gippeul's Gadget Emporium.
 45243 | Snake:3  | Found a runed door.
 45244 | Snake:3  | Found a shimmering altar of Xom.
 45244 | Snake:3  | Noticed Lippabiu's ghost (journeyman DDFi)
 45339 | Snake:3  | Noticed Vashnia
 45386 | Snake:3  | Killed Vashnia
 45957 | Snake:3  | Reached skill level 15 in Hexes
 46138 | Snake:3  | Found an ancient bone altar of Kikubaaqudgha.
 46307 | Snake:3  | Noticed Asterion
 46332 | Snake:3  | Killed Asterion
 46429 | Snake:2  | Bought a papyrus book for 375 gold pieces
 46458 | Snake:4  | Entered Level 4 of the Snake Pit
 46462 | Snake:4  | Learned a level 2 spell: Passwall
 46537 | Snake:4  | Received a gift from Okawaru
 46537 | Snake:4  | Reached skill level 1 in Transmutations
 46537 | Snake:4  | Reached skill level 1 in Earth Magic
 46604 | Snake:3  | HP: 6/137 [shock serpent/bolt of electricity (16)]
 47446 | Snake:4  | Reached XP level 18. HP: 125/145 MP: 24/33
 48648 | Snake:4  | Received a gift from Okawaru
 49425 | Snake:4  | Received a gift from Okawaru
 49473 | Snake:4  | Received a gift from Okawaru
 49714 | Snake:4  | Got a serpentine rune of Zot
 50079 | Orc:2    | Bought a book of Dreams for 750 gold pieces
 50344 | Snake:1  | Bought a book of Changes for 300 gold pieces
 50347 | Snake:1  | Learned a level 2 spell: Sticks to Snakes
 50353 | Snake:1  | Learned a level 5 spell: Borgnjor's Vile Clutch
 50441 | Shoals:1 | Entered Level 1 of the Shoals
 50808 | Shoals:1 | Found a sacrificial altar of Ru.
 51448 | Shoals:1 | Identified the +1 pair of boots of Icui {+Fly rPois Str+5
                  | Dex-3} (You found it on level 1 of the Shoals)
 51551 | Shoals:2 | Reached skill level 1 in Necromancy
 53189 | Shoals:3 | Noticed Kirke
 53220 | Shoals:3 | Killed Kirke
 53309 | Shoals:3 | Reached skill level 5 in Earth Magic
 53309 | Shoals:3 | Reached XP level 19. HP: 142/154 MP: 35/35
 53760 | Shoals:3 | Received a gift from Okawaru
 53764 | Shoals:3 | Identified the +2 shield "Odwohunk" {Int+5} (Okawaru gifted
                  | it to you on level 3 of the Shoals)
 53950 | Shoals:3 | Reached skill level 15 in Fighting
 53952 | Shoals:3 | Reached skill level 5 in Transmutations
 54009 | Shoals:3 | Noticed Polyphemus
 54077 | Shoals:3 | Killed Polyphemus
 54395 | Shoals:4 | Entered Level 4 of the Shoals
 55059 | Shoals:4 | Reached skill level 5 in Necromancy
 57158 | Shoals:4 | Received a gift from Okawaru
 57553 | Shoals:4 | Got a barnacled rune of Zot
 59107 | Vaults:1 | Entered Level 1 of the Vaults
 59693 | Vaults:1 | Reached XP level 20. HP: 145/163 MP: 37/37
 61209 | Vaults:1 | Reached skill level 10 in Earth Magic
 61975 | Vaults:2 | Received a gift from Okawaru
 62366 | Vaults:2 | Received a gift from Okawaru
 63020 | Vaults:2 | Received a gift from Okawaru
 63948 | Vaults:2 | Found Suichol's Assorted Antiques.
 63957 | Vaults:2 | Bought a pair of runed gloves for 202 gold pieces
 64315 | Vaults:2 | Reached XP level 21. HP: 146/171 MP: 27/38
 65464 | Vaults:3 | Learned a level 6 spell: Invisibility
 65524 | Vaults:3 | Found Jumpex's General Store.
 65771 | Vaults:3 | Received a gift from Okawaru
 65771 | Vaults:3 | Reached skill level 10 in Necromancy
 66132 | Vaults:3 | Received a gift from Okawaru
 66450 | Vaults:3 | Found Soelemn's Distillery.
 66601 | Vaults:3 | Found a staircase to the Crypt.
 66601 | Vaults:3 | Found an ancient bone altar of Kikubaaqudgha.
 66602 | Vaults:3 | Found a basalt altar of Yredelemnul.
 66616 | Vaults:3 | Found Ored's Book Shop.
 66637 | Vaults:3 | Found Pukid's Armour Emporium.
 66884 | Vaults:3 | Found Michein's Weapon Boutique.
 68162 | Vaults:4 | Found a runed gate.
 68162 | Vaults:4 | Found a runed gate.
 68162 | Vaults:4 | Found a runed gate.
 68165 | Vaults:4 | Noticed Jydugg's ghost (adept DrFi)
 68167 | Vaults:4 | Found the +3 crown of Dyrovepreva {rElec Int+2 SInv}
 68366 | Vaults:4 | Received a gift from Okawaru
 68451 | Vaults:4 | Reached XP level 22. HP: 180/180 MP: 24/40
 68671 | Vaults:4 | Received a gift from Okawaru
 69495 | Vaults:4 | Reached skill level 15 in Spellcasting
 70191 | Vaults:4 | Received a gift from Okawaru
 70494 | D:13     | Killed Adamkad1's ghost
 70494 | D:13     | Received a gift from Okawaru
 70799 | Vaults:3 | Bought a book of Necromancy for 360 gold pieces
 70803 | Vaults:3 | Learned a level 3 spell: Regeneration
 71608 | Snake:3  | Killed Lippabiu's ghost
 71923 | Elf:1    | Entered Level 1 of the Elven Halls
 71931 | Elf:1    | Received a gift from Okawaru
 71988 | Elf:1    | Identified the +0 chain mail of the Turtledove {-Tele rPois
                  | rC+ rCorr} (Okawaru gifted it to you on level 1 of the
                  | Elven Halls)
 72450 | Elf:1    | Reached skill level 15 in Slings
 72615 | Elf:1    | Identified the Grimoire of Dark Rituals
 72700 | Elf:1    | Found a radiant altar of Vehumet.
 73906 | Elf:2    | Found a flickering gateway to a bazaar.
 73919 | Bazaar   | Entered a bazaar
 73925 | Bazaar   | Found Laom's Jewellery Emporium.
 73933 | Bazaar   | Found Olosaore's Book Emporium.
 73938 | Bazaar   | Found Yggouxig's Antique Weapon Shop.
 73953 | Bazaar   | Found Ileittoc's Jewellery Boutique.
 73986 | Bazaar   | Bought the amulet of the Four Winds {rN+ MR+++ Clar} for
                  | 395 gold pieces
 73986 | Bazaar   | Found the amulet of the Four Winds {rN+ MR+++ Clar}
 74547 | Elf:2    | Found a runed gate.
 74547 | Elf:2    | Found a runed gate.
 74548 | Elf:2    | Found a runed gate.
 74581 | Elf:2    | Reached XP level 23. HP: 150/186 MP: 27/42
 74677 | Elf:2    | Noticed Saint Roka
 74701 | Elf:2    | Killed Saint Roka
 75667 | Elf:2    | Received a gift from Okawaru
 75673 | Elf:2    | Identified the +0 chain mail of Fouth {Str+4 Slay+3}
                  | (Okawaru gifted it to you on level 2 of the Elven Halls)
 76159 | Elf:3    | Entered Level 3 of the Elven Halls
 78889 | Elf:3    | Received a gift from Okawaru
 79285 | Elf:3    | Received a gift from Okawaru
 79302 | Elf:3    | Identified the +0 pair of gloves of Tunocok {rC+} (Okawaru
                  | gifted it to you on level 3 of the Elven Halls)
 79439 | Elf:3    | Identified the Reference Book on the Warped Frostbite
 79604 | Elf:3    | Identified a +0 pair of boots of running (You found it on
                  | level 3 of the Elven Halls)
 80130 | D:10     | Learned a level 4 spell: Passage of Golubria
 80561 | Depths:1 | Entered Level 1 of the Depths
 80568 | Depths:1 | Reached XP level 24. HP: 158/195 MP: 29/43
 82927 | Depths:1 | Reached skill level 15 in Earth Magic
 83438 | Depths:1 | Found a runed door.
 83618 | Depths:1 | Reached skill level 5 in Translocations
 83653 | Depths:1 | Received a gift from Okawaru
 84125 | Depths:1 | Found a one-way gate to the infinite horrors of the Abyss.
 84140 | Depths:1 | Identified the +5 ring mail of the Beginning {rElec MP+9
                  | Int+7} (You found it on level 1 of the Depths)
 84401 | Depths:2 | Received a gift from Okawaru
 85123 | Depths:2 | Received a gift from Okawaru
 85788 | Depths:2 | Identified the cursed +1 chain mail of Hairiness {rElec MR+
                  | Slay+3} (You found it on level 2 of the Depths)
 85828 | Depths:2 | Identified the Collected Works on Warped Envenoming
 86159 | Depths:2 | Reached XP level 25. HP: 204/204 MP: 13/43
 86574 | Depths:2 | Found Umua's Jewellery Emporium.
 86575 | Depths:2 | Found Obood's Gadget Boutique.
 86577 | Depths:2 | Found Estoh's Jewellery Emporium.
 86721 | Depths:2 | Received a gift from Okawaru
 87207 | Depths:3 | Noticed a juggernaut
 87209 | Depths:3 | Received a gift from Okawaru
 87905 | Depths:3 | Killed a juggernaut
 88467 | Depths:3 | Identified the +4 hunting sling "Syrripoi" {venom, rF+
                  | Int+4} (Okawaru gifted it to you on level 3 of the Depths)
 88599 | Depths:3 | Received a gift from Okawaru
 88603 | Depths:3 | Identified the +9 hunting sling of Ezelaybo {venom, rN+
                  | Str+3} (Okawaru gifted it to you on level 3 of the Depths)
 88904 | Depths:3 | Found a one-way gate leading to the halls of Pandemonium.
 89747 | Depths:3 | Learned a level 8 spell: Necromutation
 90464 | Depths:4 | Found a burning altar of Makhleb.
 90492 | Depths:4 | Noticed Jory
 90929 | Depths:4 | Killed Jory
 91230 | Depths:4 | Reached skill level 5 in Armour
 91253 | Depths:4 | Received a gift from Okawaru
 91690 | Depths:4 | Reached XP level 26. HP: 209/213 MP: 41/44
 91750 | Depths:4 | Found a gateway to a ziggurat.
 91751 | Depths:4 | Noticed Boris
 92029 | Depths:4 | Received a gift from Okawaru
 92437 | Depths:4 | Identified the +1 robe of the Constellations {rN+ Str+2
                  | Dex+4} (You found it on level 4 of the Depths)
 92571 | Depths:4 | Found a glowing silver altar of Zin.
 92792 | Depths:5 | Entered Level 5 of the Depths
 94034 | Depths:5 | Received a gift from Okawaru
 94529 | Depths:5 | Received a gift from Okawaru
 94547 | Depths:5 | Received a gift from Okawaru
 94567 | Depths:5 | Reached skill level 10 in Transmutations
 95174 | Depths:5 | Received a gift from Okawaru
 95181 | Depths:5 | Identified the +2 crystal plate armour of Ydwic {rPois rC++
                  | Regen+ Str+2} (Okawaru gifted it to you on level 5 of the
                  | Depths)
 95327 | Depths:5 | Found a gate to the Realm of Zot.
 95434 | Depths:4 | Killed Boris
 96323 | Slime:1  | Entered Level 1 of the Pits of Slime
 97128 | Slime:2  | Reached XP level 27. HP: 194/219 MP: 24/45
 99351 | Slime:3  | Gained mutation: You are weak. (Str -2) [a shining eye]
 99451 | Slime:3  | Received a gift from Okawaru
 99779 | Slime:4  | Found a viscous altar of Jiyva.
 99800 | Slime:4  | Reached skill level 10 in Armour
 99939 | Slime:5  | Entered Level 5 of the Pits of Slime
100275 | Slime:5  | Gained mutation: Your magical capacity is low. (-10% MP) [a
                  | shining eye]
100278 | Slime:5  | Received a gift from Okawaru
100281 | Slime:5  | Identified the +6 fustibalus of Biol {velocity, rF+ Dex-2
                  | SInv} (Okawaru gifted it to you on level 5 of the Pits of
                  | Slime)
100795 | Slime:5  | Gained mutation: Your body sometimes deteriorates upon
                  | taking damage. [a shining eye]
101628 | Slime:5  | Noticed the Royal Jelly
104890 | D:10     | Lost mutation: Your body sometimes deteriorates upon taking
                  | damage. [potion of mutation]
104890 | D:10     | Lost mutation: You are weak. (Str -2) [potion of mutation]
104890 | D:10     | Lost mutation: Your magical capacity is low. (-10% MP)
                  | [potion of mutation]
104890 | D:10     | Gained mutation: You expend magic power (3 MP) to
                  | strengthen your wands. [potion of mutation]
104890 | D:10     | Gained mutation: Your magical capacity is low. (-10% MP)
                  | [potion of mutation]
104890 | D:10     | Gained mutation: You are agile. (Dex +2) [potion of
                  | mutation]
104890 | D:10     | Gained mutation: You possess an exceptional clarity of
                  | mind. [potion of mutation]
105662 | Crypt:1  | Entered Level 1 of the Crypt
105684 | Crypt:1  | Noticed Sojobo
105695 | Crypt:1  | You fall through a shaft!
106539 | Crypt:2  | Received a gift from Okawaru
107258 | Crypt:2  | Received a gift from Okawaru
107426 | Crypt:2  | Noticed Bai Suzhen
107437 | Crypt:2  | Killed Bai Suzhen
107437 | Crypt:2  | Received a gift from Okawaru
107608 | Crypt:2  | Noticed Boris
107619 | Crypt:2  | Killed Boris
108198 | Crypt:2  | Found an ancient bone altar of Kikubaaqudgha.
108251 | Crypt:2  | Received a gift from Okawaru
109181 | Crypt:1  | You fall through a shaft!
109517 | Crypt:1  | Killed Sojobo
109927 | Crypt:1  | Reached skill level 15 in Necromancy
110758 | Crypt:1  | Learned a level 5 spell: Silence
110801 | Crypt:3  | Entered Level 3 of the Crypt
110981 | Crypt:3  | Reached skill level 15 in Transmutations
111778 | Crypt:3  | Got a twitching marble ring
111923 | Crypt:3  | Got a smoking ruby amulet
111925 | Crypt:3  | Got a translucent bone ring
111971 | Crypt:3  | Received a gift from Okawaru
112593 | Crypt:3  | Noticed an ancient lich
112863 | Crypt:3  | Found the steaming robe
113055 | Crypt:3  | Found a staircase to the Tomb.
113158 | Crypt:3  | Killed an ancient lich
113158 | Crypt:3  | Received a gift from Okawaru
113230 | Crypt:3  | Noticed an ancient lich
113230 | Crypt:3  | Noticed an ancient lich
113245 | Crypt:3  | Killed an ancient lich
113254 | Crypt:3  | Killed an ancient lich
113254 | Crypt:3  | Received a gift from Okawaru
113271 | Crypt:3  | Identified the ring of Nitif {Int+2 Stlth-} (You found it
                  | on level 3 of the Crypt)
113272 | Crypt:3  | Identified Xijueropn's Collected Works on Evil
113274 | Crypt:3  | Identified Sif Muna's Volume of Virous Translocation
113282 | Crypt:3  | Identified the ring "Giozixiz" {rPois rN+ Str+4} (You took
                  | it off a necromancer on level 3 of the Crypt)
113283 | Crypt:3  | Identified the amulet "Popodaaff" {rElec Regen+ Slay+4}
                  | (You took it off a skeletal warrior on level 3 of the
                  | Crypt)
113284 | Crypt:3  | Identified the ring "Buamicu" {rN+ SInv} (You took it off a
                  | skeletal warrior on level 3 of the Crypt)
113289 | Crypt:3  | Identified the cursed -5 robe of Misfortune {-Cast *Contam
                  | *Tele *Drain EV-5 Stlth-- *Curse} (You found it on level 3
                  | of the Crypt)
113347 | Crypt:3  | Received a gift from Okawaru
113583 | Vaults:3 | Learned a level 8 spell: Discord
113709 | Vaults:5 | Entered Level 5 of the Vaults
113718 | Vaults:5 | Received a gift from Okawaru
114307 | Vaults:5 | Received a gift from Okawaru
114621 | Vaults:5 | Received a gift from Okawaru
114884 | Vaults:5 | Received a gift from Okawaru
115147 | Vaults:5 | Received a gift from Okawaru
115325 | Vaults:4 | Received a gift from Okawaru
117081 | Vaults:5 | Noticed an ancient lich
117092 | Vaults:5 | Killed an ancient lich
117274 | Vaults:5 | Found the +10 large shield of Ignorance {rN+ Int-4}
117512 | Vaults:5 | Got a silver rune of Zot
117870 | Hell     | Entered the Vestibule of Hell
117870 | Hell     | Noticed Geryon
117886 | Hell     | Killed Geryon
117893 | Depths:1 | You fall through a shaft!
118592 | Depths:1 | Received a gift from Okawaru
119248 | Hell     | Reached skill level 1 in Axes
119249 | Hell     | Noticed Murray
119498 | Hell     | Received a gift from Okawaru
120015 | Hell     | Killed Murray
120388 | Hell     | Found a gateway to the ashen valley of Gehenna.
120614 | Hell     | Found a gateway to the freezing wastes of Cocytus.
120699 | Hell     | Found a gateway to the decaying netherworld of Tartarus.
120793 | Hell     | Found a gateway to the Iron City of Dis.
121548 | Coc:1    | Entered Level 1 of Cocytus
121562 | Coc:1    | Reached skill level 5 in Axes
121822 | Coc:1    | Received a gift from Okawaru
122314 | Coc:1    | Noticed a shard shrike
122333 | Coc:1    | Killed a shard shrike
122379 | Coc:1    | Noticed a shard shrike
122390 | Coc:1    | Killed a shard shrike
122879 | Coc:1    | Noticed a shard shrike
122893 | Coc:1    | Killed a shard shrike
123537 | Coc:2    | Noticed a shard shrike
123537 | Coc:2    | Noticed a shard shrike
123537 | Coc:2    | Noticed a shard shrike
123871 | Coc:2    | Killed a shard shrike
123871 | Coc:2    | Killed a shard shrike
123871 | Coc:2    | Received a gift from Okawaru
123871 | Coc:2    | Reached skill level 10 in Axes
123880 | Coc:2    | Killed a shard shrike
124261 | Coc:1    | Noticed a shard shrike
124267 | Coc:1    | Killed a shard shrike
124283 | Coc:1    | Received a gift from Okawaru
124322 | Coc:1    | Noticed a shard shrike
124337 | Coc:1    | Noticed a shard shrike
124344 | Coc:1    | Killed a shard shrike
124344 | Coc:1    | Reached skill level 15 in Armour
124346 | Coc:1    | Killed a shard shrike
124346 | Coc:1    | Received a gift from Okawaru
124576 | Hell     | Received a gift from Okawaru
125319 | Coc:4    | Noticed a shard shrike
125327 | Coc:4    | Killed a shard shrike
125541 | Coc:4    | Noticed a shard shrike
125549 | Coc:4    | HP: 7/221 [shard shrike[the effects of Hell] (16)]
125550 | Coc:4    | Killed a shard shrike
126166 | Coc:4    | Noticed a shard shrike
126186 | Coc:4    | Killed a shard shrike
126196 | Coc:4    | Noticed a shard shrike
126208 | Coc:4    | Killed a shard shrike
127249 | Coc:5    | Noticed a shard shrike
127261 | Coc:5    | Killed a shard shrike
127322 | Coc:6    | Noticed a shard shrike
127327 | Coc:6    | Killed a shard shrike
127359 | Coc:6    | Noticed a shard shrike
127364 | Coc:6    | Killed a shard shrike
127364 | Coc:6    | Received a gift from Okawaru
127385 | Coc:6    | Noticed a shard shrike
127391 | Coc:6    | Killed a shard shrike
127391 | Coc:6    | Reached skill level 15 in Axes
127749 | Coc:7    | Entered Level 7 of Cocytus
127895 | Coc:7    | Noticed a shard shrike
127907 | Coc:7    | Killed a shard shrike
127946 | Coc:7    | Noticed a shard shrike
127954 | Coc:7    | Killed a shard shrike
128932 | D:10     | Learned a level 8 spell: Infestation
130010 | Coc:7    | Noticed a shard shrike
130016 | Coc:7    | Killed a shard shrike
130200 | Coc:7    | Received a gift from Okawaru
130954 | Coc:3    | Noticed a shard shrike
130954 | Coc:3    | Noticed a shard shrike
130954 | Coc:3    | Noticed a shard shrike
130966 | Coc:3    | Killed a shard shrike
130969 | Coc:3    | Killed a shard shrike
130971 | Coc:3    | Killed a shard shrike
130995 | Coc:4    | Noticed a shard shrike
131005 | Coc:4    | Killed a shard shrike
131505 | Coc:7    | Noticed a shard shrike
131511 | Coc:7    | Killed a shard shrike
132321 | Coc:7    | Reached skill level 5 in Dodging
132493 | Coc:7    | Identified the +6 chain mail "Lemocey" {MR+ Slay+3}
                  | (Okawaru gifted it to you on level 7 of Cocytus)
132572 | Coc:7    | Identified a +2 pair of boots of running (You found it on
                  | level 7 of Cocytus)
133027 | Coc:7    | Noticed a shard shrike
133027 | Coc:7    | Noticed a shard shrike
133037 | Coc:7    | Received a gift from Okawaru
133038 | Coc:7    | Killed a shard shrike
133047 | Coc:7    | Killed a shard shrike
133069 | Coc:7    | Noticed a shard shrike
133081 | Coc:7    | Killed a shard shrike
133288 | Coc:7    | Got a fine hunting sling {god gift}
133405 | Coc:7    | Noticed Antaeus
133455 | Coc:7    | Killed Antaeus
133455 | Coc:7    | Received a gift from Okawaru
133473 | Coc:7    | Noticed a shard shrike
133483 | Coc:7    | Killed a shard shrike
133488 | Coc:7    | Identified the +10 hunting sling "Alagon" {freeze, MR+}
                  | (Okawaru gifted it to you on level 7 of Cocytus)
133579 | Coc:7    | Got an icy rune of Zot
133594 | Coc:7    | Identified the +9 chain mail of Joy {-Cast MR+ Dex+7} (You
                  | found it on level 7 of Cocytus)
133712 | Coc:7    | Got a spiked plate armour
133827 | Hell     | Identified the +9 plate armour of the Lily {+Inv rElec
                  | rCorr Str-3} (You found it on level 7 of Cocytus)
133916 | Tar:1    | Entered Level 1 of Tartarus
134733 | Tar:2    | Gained mutation: You are resistant to electric shocks.
                  | (rElec) [mutagenic glow]
134843 | Tar:2    | Received a gift from Okawaru
135713 | Tar:4    | Received a gift from Okawaru
137037 | Tar:6    | Received a gift from Okawaru
137038 | Tar:6    | Identified the +5 scale mail of Noisheito {rCorr Dex+4}
                  | (Okawaru gifted it to you on level 6 of Tartarus)
137268 | Tar:6    | Reached skill level 10 in Dodging
137298 | Tar:7    | Entered Level 7 of Tartarus
137756 | Tar:1    | You are sucked into a shaft!
137783 | Tar:3    | You are sucked into a shaft!
137820 | Tar:4    | You are sucked into a shaft!
137820 | Tar:5    | Found a huge runed gate.
137820 | Tar:5    | Found a huge runed gate.
137820 | Tar:5    | Found a huge runed gate.
137820 | Tar:5    | Found a huge runed gate.
137820 | Tar:5    | Found a huge runed gate.
137820 | Tar:5    | Found a huge runed gate.
137857 | Tar:5    | Noticed an ancient lich
137869 | Tar:5    | Killed an ancient lich
137869 | Tar:5    | Received a gift from Okawaru
138365 | Tar:1    | You are sucked into a shaft!
138368 | Tar:2    | You are sucked into a shaft!
138399 | Tar:3    | You are sucked into a shaft!
138402 | Tar:4    | You are sucked into a shaft for 2 floors!
138637 | Tar:1    | You are sucked into a shaft!
138640 | Tar:2    | You are sucked into a shaft for 2 floors!
138643 | Tar:4    | You are sucked into a shaft!
138667 | Tar:5    | You are sucked into a shaft!
139512 | Tar:7    | Received a gift from Okawaru
139513 | Tar:7    | Found the +14 obsidian axe {chop, +Fly SInv *Curse}
139631 | Tar:7    | Found the +12 glaive of Prune {chop}
139643 | Tar:7    | Identified the amulet of Tiwigh {Reflect Str+2 SH+3} (You
                  | found it on level 7 of Tartarus)
140137 | Tar:1    | You fall through a shaft!
140143 | Tar:2    | You fall through a shaft!
140146 | Tar:3    | You fall through a shaft for 3 floors!
140376 | Tar:1    | You fall through a shaft!
140379 | Tar:2    | You fall through a shaft for 2 floors!
140392 | Tar:4    | Received a gift from Okawaru
140404 | Tar:4    | Identified the -3 cloak of Enagh {*Corrode Str+9 Slay+5}
                  | (Okawaru gifted it to you on level 4 of Tartarus)
140687 | Tar:1    | You fall through a shaft!
140706 | Tar:2    | You fall through a shaft!
140709 | Tar:3    | You fall through a shaft for 2 floors!
140712 | Tar:5    | You fall through a shaft!
141284 | Tar:7    | Got a twitching steel amulet
142016 | Tar:7    | Received a gift from Okawaru
142210 | Tar:7    | Noticed Ereshkigal
142263 | Tar:7    | Killed Ereshkigal
142434 | Tar:7    | Got a bone rune of Zot
142495 | Tar:7    | Received a gift from Okawaru
142695 | Tar:7    | Got an encrusted battleaxe
142696 | Tar:7    | Identified the +5 battleaxe of the Onslaught {venom, MR+
                  | Str+2} (You found it on level 7 of Tartarus)
143048 | Vaults:2 | Bought 2 scrolls of identify for 108 gold pieces
143048 | Vaults:2 | Identified the amulet of the Philosopher {Spirit rF++} (You
                  | found it on level 7 of Tartarus)
143503 | Dis:1    | Entered Level 1 of the Iron City of Dis
145092 | Dis:2    | Received a gift from Okawaru
146170 | Dis:4    | Received a gift from Okawaru
146580 | Dis:5    | Received a gift from Okawaru
147167 | Dis:6    | Reached skill level 1 in Charms
147266 | Dis:6    | Received a gift from Okawaru
147657 | Dis:6    | Received a gift from Okawaru
147697 | Dis:7    | Entered Level 7 of the Iron City of Dis
147860 | Dis:7    | Received a gift from Okawaru
147947 | Dis:7    | Received a gift from Okawaru
148317 | Dis:1    | You fall through a shaft!
148320 | Dis:2    | You fall through a shaft for 2 floors!
148323 | Dis:4    | You fall through a shaft for 2 floors!
149161 | D:10     | Learned a level 8 spell: Borgnjor's Revivification
149396 | Dis:1    | You fall through a shaft!
149399 | Dis:2    | You fall through a shaft for 2 floors!
149402 | Dis:4    | You fall through a shaft for 2 floors!
149590 | Dis:7    | Received a gift from Okawaru
149888 | Dis:7    | Noticed the Serpent of Hell
150341 | Vaults:3 | Bought a potion of heal wounds for 90 gold pieces
151589 | Depths:2 | Bought an uncursed ring of protection from fire for 550
                  | gold pieces
151589 | Depths:2 | Bought an uncursed ring of wizardry for 660 gold pieces
152250 | Zig:1    | Entered Level 1 of a ziggurat
152265 | Zig:1    | Received a gift from Okawaru
152279 | Zig:2    | Entered Level 2 of a ziggurat
152391 | Zig:3    | Entered Level 3 of a ziggurat
152418 | Zig:3    | Got a faintly glowing lapis lazuli ring
152455 | Zig:4    | Entered Level 4 of a ziggurat
152463 | Zig:4    | Received a gift from Okawaru
152540 | Zig:5    | Entered Level 5 of a ziggurat
152553 | Zig:5    | Reached skill level 5 in Charms
152652 | Zig:6    | Entered Level 6 of a ziggurat
152712 | Zig:6    | Identified the ring of Arar {rPois Stlth+} (You found it on
                  | level 3 of a ziggurat)
152792 | Zig:7    | Entered Level 7 of a ziggurat
152922 | Zig:8    | Entered Level 8 of a ziggurat
152937 | Zig:8    | Found the +9 heavy crossbow "Sniper" {velocity, Acc+∞ SInv}
153111 | Zig:9    | Entered Level 9 of a ziggurat
153128 | Zig:9    | Identified a scroll of acquirement
153128 | Zig:9    | Noticed a greater mummy
153130 | Zig:9    | Found the +3 hat of Pondering {ponderous, MR+ MP+10 Int+5}
153131 | Zig:9    | Noticed a greater mummy
153138 | Zig:9    | Killed a greater mummy
153142 | Zig:9    | Killed a greater mummy
153155 | Zig:9    | Received a gift from Okawaru
153164 | Zig:9    | Identified the amulet "Cirunguho" {Inacc rF+ Int+5} (You
                  | found it on level 9 of a ziggurat)
153167 | Zig:9    | Identified the Almanac of the Oath
153298 | Zig:10   | Entered Level 10 of a ziggurat
153380 | Zig:10   | Noticed a juggernaut
153381 | Zig:10   | Noticed a juggernaut
153382 | Zig:10   | Noticed a juggernaut
153394 | Zig:10   | Killed a juggernaut
153394 | Zig:10   | Received a gift from Okawaru
153395 | Zig:10   | Killed a juggernaut
153399 | Zig:10   | Killed a juggernaut
153399 | Zig:10   | Received a gift from Okawaru
153502 | Zig:10   | Identified the ring "Bugeec" {rPois MP+9 Int+4 Dex+4} (You
                  | found it on level 10 of a ziggurat)
153557 | Zig:11   | Entered Level 11 of a ziggurat
153579 | Zig:11   | Found the macabre finger necklace {rN+}
153590 | Zig:11   | Received a gift from Okawaru
153599 | Zig:11   | Received a gift from Okawaru
153669 | Zig:12   | Entered Level 12 of a ziggurat
153701 | Zig:12   | Noticed a greater mummy
153708 | Zig:12   | Noticed a greater mummy
153713 | Zig:12   | Noticed a greater mummy
153725 | Zig:12   | Killed a greater mummy
153726 | Zig:12   | Killed a greater mummy
153728 | Zig:12   | Killed a greater mummy
153745 | Zig:12   | Identified the Disquisition on Stones and Shape Shifting
153760 | Zig:12   | Identified the ring "Mavi Gas" {rElec rC++ AC+4 Str+3} (You
                  | found it on level 12 of a ziggurat)
153860 | Zig:13   | Entered Level 13 of a ziggurat
153880 | Zig:13   | Noticed a juggernaut
153880 | Zig:13   | Noticed a juggernaut
153892 | Zig:13   | Killed a juggernaut
153896 | Zig:13   | Killed a juggernaut
153963 | Zig:13   | Identified the ring "Gapto Yrub" {*Contam rPois rC++ Str+2
                  | SInv} (You found it on level 13 of a ziggurat)
153964 | Zig:13   | Identified Cuguunto's Almanac of a Billion Lives
154002 | Zig:13   | Identified the +2 pair of gloves "Xolory" {*Contam +Fly
                  | rPois Str+4} (You found it on level 13 of a ziggurat)
154052 | Zig:14   | Entered Level 14 of a ziggurat
154229 | Zig:14   | Identified Ziop's Reference Book on Summoning
154244 | Zig:14   | Identified the +9 battleaxe of Wasuegh {freeze, rF+} (You
                  | found it on level 14 of a ziggurat)
154313 | Zig:15   | Entered Level 15 of a ziggurat
154328 | Zig:15   | Noticed a juggernaut
154328 | Zig:15   | Noticed a juggernaut
154345 | Zig:15   | Killed a juggernaut
154354 | Zig:15   | Killed a juggernaut
154354 | Zig:15   | Received a gift from Okawaru
154588 | Zig:16   | Entered Level 16 of a ziggurat
154720 | Zig:16   | Identified the Tome of Air and Talismans
154734 | Zig:16   | Identified Hec Xez's Volume of Poisoning and Cold
154836 | Zig:16   | Identified the +3 scale mail "Fyzxudeg" {MR+ Regen+ MP+9
                  | Dex-4 SInv} (You found it on level 16 of a ziggurat)
154838 | Zig:16   | Identified the +4 plate armour "Wimmoix" {Int+5 Stlth+}
                  | (You found it on level 16 of a ziggurat)
154873 | Depths:4 | Lost mutation: You possess an exceptional clarity of mind.
                  | [potion of mutation]
154873 | Depths:4 | Lost mutation: You expend magic power (3 MP) to strengthen
                  | your wands. [potion of mutation]
154873 | Depths:4 | Lost mutation: Your magical capacity is low. (-10% MP)
                  | [potion of mutation]
154873 | Depths:4 | Lost mutation: You are agile. (Dex +2) [potion of mutation]
154873 | Depths:4 | Gained mutation: Your spells are a little harder to cast,
                  | but a little more powerful. [potion of mutation]
154873 | Depths:4 | Gained mutation: Your system is resistant to poisons.
                  | (rPois) [potion of mutation]
154959 | Dis:1    | You fall through a shaft!
154962 | Dis:2    | You fall through a shaft!
155113 | Dis:3    | Received a gift from Okawaru
155270 | Dis:3    | You fall through a shaft for 2 floors!
155769 | Dis:7    | Killed the Serpent of Hell
155811 | Hell     | Learned a level 5 spell: Aura of Abjuration
156090 | Dis:1    | You fall through a shaft!
156093 | Dis:2    | You fall through a shaft!
156116 | Dis:3    | You fall through a shaft for 2 floors!
156119 | Dis:5    | You fall through a shaft!
156155 | Dis:6    | Reached skill level 1 in Summonings
156254 | Dis:7    | Received a gift from Okawaru
156329 | Dis:7    | Reached skill level 5 in Summonings
156348 | Dis:7    | Got a pitted silver amulet
156349 | Dis:7    | Identified the amulet of Etupaij {Harm *Drain rC+ Str+5}
                  | (You found it on level 7 of the Iron City of Dis)
156393 | Dis:7    | Identified the Incunabulum of Confrontation
156408 | Dis:7    | Got a pitted sapphire amulet
156697 | Dis:7    | Noticed Dispater
156718 | Dis:7    | Killed Dispater
156786 | Dis:7    | Got an iron rune of Zot
156789 | Dis:7    | Got a silken robe
157280 | Orc:2    | Bought a scroll of identify for 24 gold pieces
157280 | Orc:2    | Identified the amulet "Gimag" {Harm *Drain rF+} (You found
                  | it on level 7 of the Iron City of Dis)
157433 | D:7      | Bought a scroll of identify for 46 gold pieces
157433 | D:7      | Identified the cursed +0 robe of Ollyxtydgh {MR++ Int+5}
                  | (You found it on level 7 of the Iron City of Dis)
157673 | Geh:1    | Entered Level 1 of Gehenna
157778 | Geh:1    | You fall through a shaft!
157801 | Geh:2    | You fall through a shaft for 2 floors!
157826 | Geh:4    | Received a gift from Okawaru
157829 | Geh:4    | You fall through a shaft for 2 floors!
158338 | Geh:7    | Entered Level 7 of Gehenna
158373 | Geh:7    | Reached skill level 10 in Charms
158683 | Geh:7    | HP: 4/222 [hellion/damnation (34)]
159062 | Geh:1    | You fall through a shaft!
159072 | Geh:2    | Received a gift from Okawaru
159089 | Geh:2    | You fall through a shaft for 2 floors!
159101 | Geh:4    | Received a gift from Okawaru
159106 | Geh:4    | You fall through a shaft for 2 floors!
159659 | Geh:7    | Noticed Asmodeus
159684 | Geh:7    | Killed Asmodeus
159684 | Geh:7    | Received a gift from Okawaru
159714 | Geh:7    | Received a gift from Okawaru
159727 | Geh:7    | Identified the Incunabulum of Poisoning and Moulding
159734 | Geh:7    | Got an obsidian rune of Zot
159789 | Geh:7    | Received a gift from Okawaru
159970 | Geh:1    | You fall through a shaft!
159973 | Geh:2    | You fall through a shaft for 2 floors!
160106 | Geh:4    | Received a gift from Okawaru
160752 | Zot:1    | Entered Level 1 of the Realm of Zot
161033 | Zot:1    | Received a gift from Okawaru
161668 | Zot:1    | Found the +2 robe of Vines {NoPotionHeal Regen+7}
162280 | Zot:2    | Received a gift from Okawaru
162285 | Zot:2    | Noticed an orb of fire
162316 | Zot:2    | Killed an orb of fire
162346 | Zot:2    | Received a gift from Okawaru
162976 | Zot:2    | Received a gift from Okawaru
162981 | Zot:2    | Identified the +0 pair of boots of Gaje {MR+ Int+3}
                  | (Okawaru gifted it to you on level 2 of the Realm of Zot)
164393 | Zot:4    | Received a gift from Okawaru
164962 | Zot:4    | Received a gift from Okawaru
165214 | Zot:4    | Received a gift from Okawaru
165369 | Zot:4    | Found a burning altar of Makhleb.
165416 | Zot:4    | Identified the Incunabulum of Fire and Brimstone
165521 | Zot:4    | Identified Xeacex's Tome of the Zealot
165595 | Zot:5    | Entered Level 5 of the Realm of Zot
166101 | Zot:5    | Received a gift from Okawaru
166396 | Zot:5    | Noticed an ancient lich
166411 | Zot:5    | Killed an ancient lich
166432 | Zot:5    | Received a gift from Okawaru
166465 | Zot:5    | Noticed an orb of fire
166496 | Zot:5    | HP: 5/211 [orb of fire/fireball (16)]
166503 | Zot:5    | Killed an orb of fire
166503 | Zot:5    | Received a gift from Okawaru
166546 | Zot:5    | Noticed an ancient lich
166558 | Zot:5    | Killed an ancient lich
166558 | Zot:5    | Received a gift from Okawaru
166704 | Zot:5    | Noticed an ancient lich
166720 | Zot:5    | Killed an ancient lich
166872 | Zot:5    | Noticed an ancient lich
166880 | Zot:5    | Killed an ancient lich
166954 | Zot:5    | Noticed an ancient lich
166954 | Zot:5    | Noticed an ancient lich
166971 | Zot:5    | Killed an ancient lich
166972 | Zot:5    | Killed an ancient lich
167082 | Zot:5    | Identified the +4 battleaxe of Fefoug {chop, rC+ Int+3}
                  | (Okawaru gifted it to you on level 5 of the Realm of Zot)
167124 | Zot:5    | Received a gift from Okawaru
167143 | Zot:5    | Noticed an orb of fire
167146 | Zot:5    | Gained mutation: You occasionally shout uncontrollably at
                  | your foes. [an orb of fire]
167167 | Zot:5    | Killed an orb of fire
167176 | Zot:5    | Received a gift from Okawaru
167234 | Zot:5    | Noticed an orb of fire
167423 | Zot:5    | Killed an orb of fire
167439 | Zot:5    | Noticed an ancient lich
167450 | Zot:5    | Killed an ancient lich
167561 | Zot:5    | Noticed an orb of fire
167581 | Zot:5    | Killed an orb of fire
167597 | Zot:5    | Received a gift from Okawaru
167689 | Zot:5    | Received a gift from Okawaru
168083 | Zot:5    | Noticed an orb of fire
168087 | Zot:5    | Gained mutation: Scrolls take you a little longer to read.
                  | [an orb of fire]
168101 | Zot:5    | Killed an orb of fire
168174 | Zot:5    | Received a gift from Okawaru
168179 | Zot:5    | Identified the +1 fustibalus of Action {freeze, rC+ MR+}
                  | (Okawaru gifted it to you on level 5 of the Realm of Zot)
168254 | Zot:5    | Learned a level 8 spell: Death's Door
168321 | Zot:5    | Noticed an ancient lich
168329 | Zot:5    | Killed an ancient lich
168991 | Snake:2  | Bought a scroll of identify for 50 gold pieces
168991 | Snake:2  | Bought a scroll of enchant weapon for 187 gold pieces
168991 | Snake:2  | Bought a scroll of identify for 50 gold pieces
169026 | Snake:3  | Bought 3 scrolls of enchant weapon for 405 gold pieces
169210 | Hell     | Lost mutation: Scrolls take you a little longer to read.
                  | [potion of mutation]
169210 | Hell     | Lost mutation: You occasionally shout uncontrollably at
                  | your foes. [potion of mutation]
169210 | Hell     | Gained mutation: Your flesh is cold resistant. (rC+)
                  | [potion of mutation]
169210 | Hell     | Gained mutation: Your muscles are strong. (Str +2) [potion
                  | of mutation]
169751 | Pan      | Entered Pandemonium
169770 | Pan      | Reached skill level 15 in Charms
170413 | Pan      | Noticed Xuceucse the pandemonium lord
170448 | Pan      | Killed Xuceucse the pandemonium lord
170448 | Pan      | Received a gift from Okawaru
171067 | Pan      | Got a warped leather armour
171068 | Pan      | Identified the +1 leather armour "Ovvaidd" {rC+} (You found
                  | it in Pandemonium)
171077 | Pan      | Identified the +3 shield of Panentheism {rElec rN++ Str-3
                  | Dex+7} (Okawaru gifted it to you in Pandemonium)
171326 | Pan      | Noticed Peonliuc the pandemonium lord
171341 | Pan      | Killed Peonliuc the pandemonium lord
171717 | Pan      | Found an exit through the horrors of the Abyss.
172127 | Pan      | Noticed Koraorus the pandemonium lord
172147 | Pan      | Killed Koraorus the pandemonium lord
172538 | Pan      | Reached skill level 27 in Spellcasting
172779 | Pan      | Entered the realm of Cerebov.
173263 | Pan      | Received a gift from Okawaru
173462 | Pan      | Learned a level 3 spell: Lesser Beckoning
173529 | Pan      | Found an exit through the horrors of the Abyss.
174008 | Pan      | Reached skill level 27 in Fighting
174032 | Pan      | Received a gift from Okawaru
174115 | Pan      | Received a gift from Okawaru
174121 | Pan      | Identified the +8 broad axe "Cimipu" {elec, rPois Stlth+}
                  | (Okawaru gifted it to you in Pandemonium)
174500 | Pan      | Identified the amulet "Beaneawk" {Faith Dex+5} (You found
                  | it in Pandemonium)
174624 | Pan      | Noticed Cerebov
175123 | Pan      | Killed Cerebov
175123 | Pan      | Received a gift from Okawaru
175350 | Pan      | Got a fiery rune of Zot
176178 | Pan      | Found an exit through the horrors of the Abyss.
176284 | Pan      | Reached skill level 15 in Dodging
176378 | Pan      | Noticed Ramypt the pandemonium lord
176393 | Pan      | Killed Ramypt the pandemonium lord
176731 | Pan      | Received a gift from Okawaru
177102 | Pan      | Entered the realm of Gloorx Vloq.
177225 | Pan      | Received a gift from Okawaru
177254 | Pan      | Noticed Gloorx Vloq
177269 | Pan      | Killed Gloorx Vloq
177286 | Pan      | Got a dark rune of Zot
179491 | Pan      | Noticed Adghiec the pandemonium lord
179500 | Pan      | Killed Adghiec the pandemonium lord
179500 | Pan      | Received a gift from Okawaru
179695 | Pan      | Entered the realm of Mnoleg.
179749 | Pan      | Noticed Mnoleg
180095 | Pan      | Killed Mnoleg
180168 | Pan      | Got a glowing rune of Zot
180487 | Pan      | Received a gift from Okawaru
180772 | Pan      | Entered the realm of Lom Lobon.
181097 | Pan      | Reached skill level 10 in Translocations
181142 | Pan      | Noticed Lom Lobon
181173 | Pan      | Killed from afar by Lom Lobon

Skill      XL: |  1  2  3  4  5  6  7  8  9 10 11 12 13 14 15 16 17 18 19 20 21 22 23 24 25 26 27 |
---------------+----------------------------------------------------------------------------------+-----
Slings         | 3 4 6 7 8 10 11 12 13 14 15 16 17 22 | 22.0
Hexes          | 4 5 6 7 8 9 10 11 12 13 14 15 16 17 18 19 20 22 | 22.8
Shields        | 1 2 5 8 9 14 15 22 | 22.0
Spellcasting   | 2 4 5 6 7 8 9 10 11 12 13 14 15 16 17 18 27 | 27.0
Armour         | 1 3 5 9 22 | 22.0
Fighting       | 3 4 5 6 7 9 10 11 12 13 14 15 16 17 18 19 27 | 27.0
Invocations    | 3 5 7 8 10 | 10.0
Translocations | 1 2 3 5 10 | 10.0
Conjurations   | 2 |  2.0
Ice Magic      | 2 |  2.0
Stealth        | 5 6 9 10 | 10.0
Transmutations | 3 4 5 7 8 10 20 | 20.0
Earth Magic    | 3 5 8 11 12 13 14 15 16 | 16.3
Necromancy     | 3 6 9 10 12 20 | 20.0
Axes           | 22 | 22.0
Dodging        | 17 | 17.1
Charms         | 18 | 18.0
Summonings     | 5 |  5.0

Action                   |  1- 3 |  4- 6 |  7- 9 | 10-12 | 13-15 | 16-18 | 19-21 | 22-24 | 25-27 || total
-------------------------+-------+-------+-------+-------+-------+-------+-------+-------+-------++-------
Melee: Hand axe          |       |       |       |     6 |       |       |       |       |       ||     6
       Unarmed           |       |       |       |       |     3 |     5 |       |       |       ||     8
       Quick blade       |       |       |       |       |       |     1 |       |       |       ||     1
       Battleaxe         |       |       |       |       |       |       |       |       |  5256 ||  5256
       Executioner's axe |       |       |       |       |       |       |       |       |   488 ||   488
       Broad axe         |       |       |       |       |       |       |       |       |    16 ||    16
 Fire: Hunting sling     |    94 |   228 |   652 |  1517 |     8 |       |       |       |    82 ||  2581
       Blowgun           |       |       |       |    20 |       |       |       |       |       ||    20
       Fustibalus        |       |       |       |    44 |  1320 |  1790 |  2071 |  1674 |  8146 || 15045
Throw: Stone             |       |       |       |       |       |       |       |       |     7 ||     7
       Throwing net      |       |       |       |       |       |       |       |       |     4 ||     4
 Cast: Corona            |     7 |    39 |    91 |   178 |       |       |       |       |       ||   315
       Slow              |     3 |     8 |    32 |    45 |       |       |       |       |       ||    88
       Cause Fear        |       |       |       |    23 |     8 |    33 |    11 |    10 |     4 ||    89
       Confuse           |       |       |       |    27 |    48 |    36 |    15 |     1 |     1 ||   128
       Dazzling Spray    |       |       |       |     3 |     6 |     3 |       |       |     1 ||    13
       Portal Projectile |       |       |       |     1 |     2 |     2 |    87 |   120 |   462 ||   674
       Ensorcelled Hiber |       |       |       |     1 |       |       |       |       |       ||     1
       Confusing Touch   |       |       |       |       |     2 |     1 |       |       |       ||     3
       Tukima's Dance    |       |       |       |       |       |     1 |    40 |     4 |    10 ||    55
       Passwall          |       |       |       |       |       |     2 |       |       |       ||     2
       Apportation       |       |       |       |       |       |   158 |    67 |       |   668 ||   893
       Borgnjor's Vile C |       |       |       |       |       |       |     9 |   102 |   424 ||   535
       Invisibility      |       |       |       |       |       |       |     3 |     4 |     3 ||    10
       Sticks to Snakes  |       |       |       |       |       |       |       |     2 |   171 ||   173
       Passage of Golubr |       |       |       |       |       |       |       |     2 |     2 ||     4
       Regeneration      |       |       |       |       |       |       |       |     1 |    94 ||    95
       Necromutation     |       |       |       |       |       |       |       |       |   409 ||   409
       Infestation       |       |       |       |       |       |       |       |       |   174 ||   174
       Discord           |       |       |       |       |       |       |       |       |   159 ||   159
       Silence           |       |       |       |       |       |       |       |       |    13 ||    13
       Aura of Abjuratio |       |       |       |       |       |       |       |       |     6 ||     6
       Borgnjor's Revivi |       |       |       |       |       |       |       |       |     2 ||     2
Invok: Heroism           |       |       |       |     3 |     3 |     8 |    16 |    16 |    69 ||   115
       Finesse           |       |       |       |     1 |       |       |       |       |    17 ||    18
 Abil: Dig               |       |     3 |     5 |     4 |     3 |     4 |       |     5 |    31 ||    55
       Shaft Self        |       |       |       |     1 |       |       |       |       |    45 ||    46
       End Transformatio |       |       |       |       |       |       |       |       |    30 ||    30
Evoke: Wand              |       |       |       |     3 |       |       |       |       |       ||     3
  Use: Scroll            |     3 |     7 |     6 |    11 |    13 |     4 |     4 |    10 |    90 ||   148
       Potion            |       |       |     3 |     3 |     1 |     2 |       |       |    26 ||    35
 Stab: Sleeping          |       |       |       |       |       |     1 |       |       |    19 ||    20
       Distracted        |       |       |       |       |       |       |       |       |    80 ||    80
       Held in net/web   |       |       |       |       |       |       |       |       |     3 ||     3
       Invisible         |       |       |       |       |       |       |       |       |     1 ||     1
  Eat: Chunk             |    13 |    10 |    18 |    52 |    35 |    30 |    31 |    43 |    41 ||   273
       Ration            |       |       |       |       |       |     4 |     4 |     3 |    43 ||    54
Armor: Leather armour    |     8 |    30 |    43 |       |       |       |       |       |       ||    81
       Robe              |     1 |       |       |       |       |       |       |       |       ||     1
       Ring mail         |       |       |    15 |   168 |       |       |       |     9 |  1972 ||  2164
       Acid dragon scale |       |       |       |     6 |    10 |       |       |       |    40 ||    56
       Scale mail        |       |       |       |       |    51 |    78 |    95 |   127 |    18 ||   369
       Quicksilver drago |       |       |       |       |       |       |       |       |   472 ||   472
       Chain mail        |       |       |       |       |       |       |       |       |    67 ||    67
       Shadow dragon sca |       |       |       |       |       |       |       |       |     1 ||     1
Dodge: Dodged            |    25 |    68 |   183 |   292 |   113 |   139 |   149 |   181 |  2450 ||  3600
       Deflected         |       |       |       |       |    12 |    25 |    25 |    30 |    40 ||   132
Block: Buckler           |     6 |    48 |    99 |   164 |       |       |       |       |       ||   317
       Shield            |       |       |       |     3 |   128 |       |       |       |       ||   131
       Large shield      |       |       |       |       |    11 |   464 |   673 |   528 |  7774 ||  9450
